 Dungeon Crawl Stone Soup version 0.32-a0-22-g6ae6769602 (webtiles) character file.

Game seed: 2935553132862651529

47464311 iamserjio the Slayer (level 27, 223/223 HPs)
             Began as an Octopode Cinder Acolyte on Jan 18, 2024.
             Was the Champion of Jiyva.
             Escaped with the Orb
             ... and 15 runes
             ... and 11 gems!
             The game lasted 06:14:36 (31333 turns).

iamserjio the Slayer (Octopode Cinder Acolyte)     Turns: 31333, Time: 06:14:37

Health: 223/223    AC: 33    Str: 20    XL:     27
Magic:  44/44      EV: 30    Int: 39    God:    Jiyva [******]
Gold:   1092       SH: 35    Dex: 25    Spells: 1/60 levels left

rFire   + +          .
                       - Unarmed
rCold   + . .        b - +10 tower shield of Ignorance {rN+ Int-4}
rNeg    + + +        M - +2 hat {Int+3}
rPois   ∞            h - amulet of regeneration
rElec   +            r - ring of Gitaiheu {rF+ rN+ Str+3}
rCorr   +            c - ring "Ehatin" {rElec Str+2 Int+6 Slay+2 Stlth+}
SInv    +            d - ring of the Rose {rF+ rN+ Dex+3}
Will    +++++        q - ring "Jeriwago" {rC++ Int+6}
Stlth   +++          l - ring of Femnol {rN+ Str-3 Int+4 Dex+6 SInv}
HPRegen 2.97/turn    g - ring of the Octopus King {HP+2 AC+2 EV+2 SH+2 SInv}
MPRegen 1.09/turn    R - ring of Woluqai {^Contam rN+ Str+6 Dex+3}
                     y - ring of wizardry

%: wizardry (x1)
@: statue-form, studying Invocations, very slow
A: slow and powerful, torment resistance 1, boosted hp, almost no armour,
amphibious, 8 rings, camouflage 1, (gelatinous body 1), (nimble swimmer 1),
tentacles, deterioration 1, frail 1, strong-willed 3, weak 1, jelly sensing
items, cold vulnerability 1
0: Orb of Zot
}: 15/15 runes: barnacled, slimy, silver, golden, iron, obsidian, icy, bone,
abyssal, demonic, glowing, magical, fiery, dark, gossamer
a: Begin Untransformation, Renounce Religion, Oozemancy, Slimify


You escaped.
You worshipped Jiyva.
Jiyva was exalted by your worship.
You were a living statue of rough stone.
You visited 17 branches of the dungeon, and saw 86 of its levels.
You visited Pandemonium 3 times, and saw 20 of its levels.
You visited the Abyss 2 times.
You visited 2 bazaars.
You visited 2 ziggurats, and saw 20 of their levels (deepest: 10).
You also visited: Trove, Sewer, Bailey and Gauntlet.

You collected 4894 gold pieces.
You spent 3802 gold pieces at shops.

Inventory:

Hand Weapons
 t - a +2 hand axe of distortion
Missiles
 i - 5 throwing nets (quivered) {!f}
Armour
 b - the +10 tower shield of Ignorance (worn) {rN+ Int-4}
   (You took it off a minotaur in a Gauntlet)

   Int-4:     It affects your intelligence (-4).
   rN+:       It protects you from negative energy.
 M - a +2 hat of intelligence (worn)
Magical Staves
 Y - the staff of Cyolont {rN+ MP+9 Int+6 Necro}
   (You found it on level 5 of the Vaults)

   [staff of death]

   Base accuracy: +5 Base damage: 5 Base attack delay: 1.2 This weapon's minimum
   attack delay (0.6) is reached at skill level 12.
   Int+6:     It affects your intelligence (+6).
   rN+:       It protects you from negative energy.
   MP+9:      It affects your magic capacity (+9).
   Necro:     It increases the power of your Necromancy spells.
   It falls into the 'Staves' category.
   It is a one-tentacled weapon.
Jewellery
 a - a +6 ring of dexterity
 c - the ring "Ehatin" (right tentacle) {rElec Str+2 Int+6 Slay+2 Stlth+}
   (You found it on level 7 of a ziggurat)

   [ring of intelligence]

   Str+2:     It affects your strength (+2).
   Int+6:     It affects your intelligence (+6).
   Slay+2:    It affects your accuracy & damage with ranged weapons and melee
   (+2).
   rElec:     It insulates you from electricity.
   Stlth+:    It makes you more stealthy.
 d - the ring of the Rose (on tentacle) {rF+ rN+ Dex+3}
   (You found it on level 3 of the Crypt)

   [ring of positive energy]

   Dex+3:     It affects your dexterity (+3).
   rF+:       It protects you from fire.
   rN+:       It protects you from negative energy.
 g - a ring of the Octopus King (on tentacle) {HP+2 AC+2 EV+2 SH+2 SInv}
   (You found it on level 10 of a ziggurat)

   [ring of see invisible]

   AC+2:      It affects your AC (+2).
   EV+2:      It affects your evasion (+2).
   HP+2:      It affects your health (+2).
   SInv:      It lets you see invisible.
   SH+2:      It affects your SH (+2).
 h - an amulet of regeneration (around mantle)
 l - the ring of Femnol (on tentacle) {rN+ Str-3 Int+4 Dex+6 SInv}
   (You found it on level 10 of a ziggurat)

   [ring of dexterity]

   Str-3:     It affects your strength (-3).
   Int+4:     It affects your intelligence (+4).
   Dex+6:     It affects your dexterity (+6).
   rN+:       It protects you from negative energy.
   SInv:      It lets you see invisible.
 q - the ring "Jeriwago" (on tentacle) {rC++ Int+6}
   (You found it on level 7 of a ziggurat)

   [ring of intelligence]

   Int+6:     It affects your intelligence (+6).
   rC++:      It greatly protects you from cold.
 r - the ring of Gitaiheu (left tentacle) {rF+ rN+ Str+3}
   (You took it off an efreet in Pandemonium)

   [ring of positive energy]

   Str+3:     It affects your strength (+3).
   rF+:       It protects you from fire.
   rN+:       It protects you from negative energy.
 s - the ring "Vaunnauxi" {Fly rPois rC+ rN+ Str+2}
   (You took it off a deep elf death mage on level 3 of the Elven Halls)

   [ring of positive energy]

   Str+2:     It affects your strength (+2).
   rC+:       It protects you from cold.
   rPois:     It protects you from poison rN+: It protects you from negative
   energy.
   Fly:       It grants you flight.
 u - a ring of magical power
 x - the ring "Cyklo" {rF+ Will++ rCorr Str-3}
   (You found it on level 7 of Cocytus)

   [ring of resist corrosion]

   Str-3:     It affects your strength (-3).
   rF+:       It protects you from fire.
   Will++:    It greatly increases your willpower.
   rCorr:     It protects you from acid and corrosion.
 y - a ring of wizardry (on tentacle)
 G - a ring of willpower
 L - the ring of Dieshoop {rF+ Int+8 Slay-5 SInv Stlth+}
   (You found it on level 5 of the Vaults)

   [ring of protection from fire]

   Int+8:     It affects your intelligence (+8).
   Slay-5:    It affects your accuracy & damage with ranged weapons and melee
   (-5).
   rF+:       It protects you from fire.
   SInv:      It lets you see invisible.
   Stlth+:    It makes you more stealthy.
 O - the ring "Ywaumm" {rF+ rN+}
   (You acquired it on level 2 of the Crypt)

   [ring of positive energy]

   rF+:       It protects you from fire.
   rN+:       It protects you from negative energy.
 R - the ring of Woluqai (on tentacle) {^Contam rN+ Str+6 Dex+3}
   (You took it off a deep elf annihilator on level 3 of the Elven Halls)

   [ring of strength]

   Str+6:     It affects your strength (+6).
   Dex+3:     It affects your dexterity (+3).
   rN+:       It protects you from negative energy.
   ^Contam:   It causes magical contamination when unequipped.
 W - the ring of the Genius {rElec Int+3 Dex+6}
   (You found it on level 4 of the Depths)

   [ring of dexterity]

   Int+3:     It affects your intelligence (+3).
   Dex+6:     It affects your dexterity (+6).
   rElec:     It insulates you from electricity.
Talismans
 E - a granite talisman (active)
 S - a dragon-blood talisman
Wands
 o - a wand of polymorph (8)
 D - a wand of mindburst (4)
 H - a wand of light (31)
 I - a wand of paralysis (18)
 J - a wand of digging (6) {@v3}
 V - a wand of iceblast (38) {@v2}
Scrolls
 e - 2 scrolls of blinking {@r4}
 f - 7 scrolls of teleportation {@r3}
 m - a scroll of silence
 F - 5 scrolls of fog
 Q - a scroll of fear
Potions
 j - 21 potions of curing {@q1}
 k - 5 potions of heal wounds {@q2}
 p - a potion of invisibility
 v - 4 potions of cancellation
 w - 2 potions of attraction
 C - 6 potions of lignification
 K - 11 potions of magic
 N - 16 potions of ambrosia
 T - a potion of enlightenment
 U - a potion of resistance {@q5}
 X - a potion of might {@q3}
 Z - 3 potions of haste {@q4}
Miscellaneous
 n - the horn of Geryon (inert)
 z - a sack of spiders (inert)
 P - a phantom mirror


   Skills:
 - Level 25.0 Fighting
 - Level 18.0 Dodging
 - Level 14.0 Stealth
 - Level 18.0 Shields
 - Level 23.0 Unarmed Combat
 - Level 17.4 Spellcasting
 - Level 5.0 Hexes
 - Level 15.0 Summonings
 - Level 23.0 Necromancy
 - Level 12.0 Translocations
 - Level 3.0 Fire Magic
 - Level 4.0 Earth Magic
 * Level 20.2 Evocations
 - Level 18.0 Shapeshifting


You had one spell level left.
You knew the following spells:

 Your Spells              Type           Power      Damage    Failure   Level
a - Scorch                Fire           100%       2d9       1%          2
b - Summon Cactus Giant   Summ           50%        N/A       1%          6
c - Malign Gateway        Summ/Tloc      48%        N/A       2%          7
d - Summon Mana Viper     Hex/Summ       84%        N/A       1%          5
e - Apportation           Tloc           100%       N/A       0%          1
f - Monstrous Menagerie   Summ           50%        N/A       1%          7
g - Ozocubu's Armour      Ice            34%        N/A       2%          3
h - Blink                 Tloc           100%       N/A       0%          2
i - Passage of Golubria   Tloc           91%        N/A       1%          4
j - Lesser Beckoning      Tloc           100%       N/A       0%          2
k - Borgnjor's Revivific  Necr           59%        N/A       1%          8
l - Passwall              Erth           60%        N/A       1%          3
m - Death's Door          Necr           59%        N/A       6%          9

Your spell library contained the following spells:

 Spells                   Type           Power      Damage    Failure   Level
 Necrotise                Necr           100%       1d9       0%          1
 Summon Small Mammal      Summ           100%       N/A       0%          1
 Magic Dart               Conj           100%       1d8       1%          1
 Shock                    Conj/Air       100%       1d9       1%          1
 Sting                    Conj/Alch      100%       1d9       1%          1
 Call Imp                 Summ           100%       N/A       0%          2
 Call Canine Familiar     Summ           100%       N/A       0%          3
 Fugue of the Fallen      Necr           100%       N/A       0%          3
 Animate Dead             Necr           100%       N/A       0%          4
 Dispel Undead            Necr           100%       3d31      0%          4
 Martyr's Knell           Necr/Summ      100%       N/A       0%          4
 Curse of Agony           Necr           100%       N/A       0%          5
 Death Channel            Necr           59%        N/A       0%          6
 Cigotuvi's Dreadful Rot  Necr/Alch/Air  100%       N/A       1%          2
 Ensorcelled Hibernation  Hex/Ice        100%       N/A       1%          2
 Jinxbite                 Hex            100%       N/A       1%          2
 Mercury Vapours          Alch/Air       68%        N/A       1%          2
 Momentum Strike          Conj/Tloc      100%       3d10      1%          2
 Searing Ray              Conj           68%        2d6       1%          2
 Static Discharge         Conj/Air       68%        3-6/arc   1%          2
 Dazzling Flash           Conj/Hex       100%       N/A       1%          3
 Gell's Gravitas          Tloc           91%        N/A       1%          3
 Inner Flame              Hex/Fire       60%        N/A       1%          3
 Sigil of Binding         Hex            64%        N/A       1%          3
 Stone Arrow              Conj/Erth      98%        3d13      1%          3
 Summon Ice Beast         Ice/Summ       75%        N/A       1%          3
 Teleport Other           Tloc           91%        N/A       1%          3
 Tukima's Dance           Hex            64%        N/A       1%          3
 Volatile Blastmotes      Fire/Tloc      100%       2d18      1%          3
 Anguish                  Hex/Necr       48%        N/A       1%          4
 Cause Fear               Hex            32%        N/A       1%          4
 Dimensional Bullseye     Hex/Tloc       39%        N/A       1%          4
 Iskenderun's Mystic Bla  Conj/Tloc      69%        2d14      1%          4
 Summon Blazeheart Golem  Fire/Summ      81%        N/A       1%          4
 Summon Lightning Spire   Summ/Air       75%        N/A       1%          4
 Borgnjor's Vile Clutch   Necr/Erth      48%        N/A       1%          5
 Summon Forest            Summ/Tloc      48%        N/A       1%          5
 Dispersal                Tloc           45%        N/A       1%          6
 Haunt                    Necr/Summ      55%        N/A       1%          7
 Summon Hydra             Summ           50%        N/A       1%          7
 Infestation              Necr           59%        N/A       1%          8
 Hailstorm                Conj/Ice       34%        3d8       2%          3
 Mephitic Cloud           Conj/Alch/Air  34%        N/A       2%          3
 Brom's Barrelling Bould  Conj/Erth      49%        2d7       3%          4
 Petrify                  Alch/Erth      49%        N/A       3%          4
 Flame Wave               Conj/Fire      45%        2d12      4%          4
 Sticky Flame             Fire/Alch      45%        2d9       4%          4
 Lee's Rapid Deconstruct  Erth           30%        3d16*     4%          5
 Airstrike                Air            17%        2d(3-19)  8%          4
 Fulminant Prism          Conj/Alch      17%        3d11      8%          4
 Metabolic Englaciation   Hex/Ice        26%        N/A       8%          5
 Silence                  Hex/Air        26%        N/A       8%          5
 Yara's Violent Unravell  Hex/Alch       26%        3d11      8%          5
 Summon Horrible Things   Summ           50%        N/A       11%         8
 Fireball                 Conj/Fire      22%        3d10      12%         5
 Alistair's Intoxication  Alch           22%        N/A       21%         5
 Freezing Cloud           Conj/Ice/Air   17%        6-21      21%         5
 Iskenderun's Battlesphe  Conj           34%        2d9       21%         5
 Spellforged Servitor     Conj/Summ      37%        N/A       28%         7
 Bombard                  Conj/Erth      24%        9d5       43%         6
 Starburst                Conj/Fire      22%        6d8       50%         6
 Enfeeble                 Hex            32%        N/A       58%         7
 Conjure Ball Lightning   Conj/Air       17%        3x3d6     71%         6
 Eringya's Noxious Bog    Alch           17%        4d6       71%         6
 Sculpt Simulacrum        Ice/Alch       17%        N/A       71%         6
 Dragon's Call            Summ           50%        N/A       82%         9
 Orb of Destruction       Conj           17%        9d7       99%         7
 Ozocubu's Refrigeration  Ice            17%        4d11      99%         7
 Lehudib's Crystal Spear  Conj/Erth      24%        10d7      100%        8
 Maxwell's Capacitive Co  Air            17%        ∞         100%        8
 Polar Vortex             Ice            17%        12d2*     100%        9
 Animate Armour           Summ/Erth      Unusable   N/A       N/A         4

Dungeon Overview and Level Annotations

Branches:
Dungeon (15/15)              Lair (5/5) D:9          Shoals (4/4) Lair:2
 Spider (4/4) Lair:3        Slime (5/5) Lair:5          Orc (2/2) D:12
    Elf (3/3) Orc:2        Vaults (5/5) D:14          Crypt (3/3) Vaults:3
   Tomb (3/3) Crypt:3      Depths (4/4) D:15           Hell (visited)
    Dis (7/7) Hell            Geh (7/7) Hell            Coc (7/7) Hell
    Tar (7/7) Hell            Zot (5/5) Depths:4      Sewer (visited)
 Bailey (visited)         Gauntlet (visited)
 Temple: D:4-7

Altars:
Cheibriados
Elyvilon
Gozag
Kikubaaqudgha
Makhleb
Ru
Wu Jian
Yredelemnul
Jiyva

Shops:
D:3 !   D:4 *   D:6 [*(   Orc:2 *[=(   Elf:3 [   Shoals:1 (   Vaults:4 !(!
Depths:1 [

Portals:
Hell: Depths:1 Depths:2 Depths:4
Abyss: D:15
Pandemonium: Depths:2

Annotations:
D:12 exclusion: downstairs
D:15 Roigus's ghost, journeyman DjFE
Slime:5 Royal Jelly
Elf:2 5 runed translucent doors
Vaults:3 1 exclusion
Depths:1 exclusion: ice statue
Dis:4 12 runed translucent doors


Innate Abilities, Weirdness & Mutations

You are a living statue of rough stone.
Your actions are slow, but your melee attacks are powerful.
You are resistant to unholy torment.
Your maximum health is greatly increased.
You cannot wear most types of armour.
You are amphibious.
You can wear up to eight rings at the same time.
You are immune to poison.
Your skin changes colour to match your surroundings (Stealth+).
((Your rubbery body absorbs attacks. (AC +1, EV +1)))
((You are camouflaged when in or above water. (Stealth+)))
You have tentacles for arms and can constrict up to eight enemies at once.
Your body sometimes deteriorates upon taking damage.
You are frail. (-10% HP)
You are extremely strong-willed. (Will+++)
You are weak. (Str -2)
You have a small jelly attached to you that senses nearby items.
You are vulnerable to cold. (rC-)


Message History

You enter the passage of Golubria.
Casting: Passage of Golubria (safe; 1% risk of failure)
Aiming: Passage of Golubria (safe; 1% risk of failure)
Press: ? - help, Dir - move target You hear a snapping sound.
You enter the passage of Golubria.
Casting: Passage of Golubria (safe; 1% risk of failure)
Aiming: Passage of Golubria (safe; 1% risk of failure)
Press: ? - help, Dir - move target You enter the passage of Golubria.
You enter the passage of Golubria.
You enter the passage of Golubria.
Your passage of Golubria closes with a snap!
There is a stone staircase leading up here.
You climb upwards.
There is a stone staircase leading down here.
Casting: Passage of Golubria (safe; 1% risk of failure)
Aiming: Passage of Golubria (safe; 1% risk of failure)
Press: ? - help, Dir - move target You enter the passage of Golubria.
There is a passage of Golubria here.
Casting: Passage of Golubria (safe; 1% risk of failure)
Aiming: Passage of Golubria (safe; 1% risk of failure)
Press: ? - help, Dir - move target You enter the passage of Golubria.
You enter the passage of Golubria.
A quokka comes into view.
Casting: Passage of Golubria (safe; 1% risk of failure)
Aiming: Passage of Golubria (safe; 1% risk of failure)
Press: ? - help, Dir - move target You enter the passage of Golubria.
You block the quokka's attack.
You enter the passage of Golubria.
Aiming: Dig
Press: ? - help, Shift-Dir - straight line A rock wall.
This square is covered in magical glow.
The rock shatters into small pieces.
There is a staircase leading out of the dungeon here.
You block the quokka's attack. x2
You have escaped!

## .. .# ##################
..# .................# ...#
################.# #...
[.......##.. #######'#.#
.......8.#
##########r###.#.
.................. ..
###...##.###...##.## #.
...+....^...........
#.###.##............##.#
......##...............##
#...#.##.......r#.#.....# #
#.#.#.##...#.#....##....#..


You could see a quokka.

Vanquished Creatures
  Cerebov (Pan)
  Antaeus (Coc:7)
  Ereshkigal (Tar:7)
  Mnoleg (Pan)
  Gloorx Vloq (Pan)
  the Serpent of Hell (Geh:7)
  10 dread liches
  Tiamat (Zot:1)
  Mara (Spider:3)
  3 orbs of fire
  2 pandemonium lords
  10 ancient liches
  3 juggernauts
  5 royal mummies
  Boris (Depths:4)
  7 shard shrikes
  Saint Roka (Orc:2)
  7 Killer Klowns (Zot:5)
  A curse toe (Zot:5)
  The ghost of Dikisett the Earth Mage, a veteran GrCj of Vehumet (Depths:4)
  Geryon (Hell)
  22 caustic shrikes
  2 golden dragons (Zot:5)
  Jory (Depths:3)
  7 profane servitors
  2 pearl dragons
  6 doom hounds
  11 bone dragons
  Arachne (Spider:3)
  7 Tzitzimimeh
  10 hellephants
  2 electric golems
  9 Brimstone Fiends
  The ghost of mohammadb5305 the Stormcaller, an adept FeAE of Ashenzari (Depths:1)
  13 Hell Sentinels
  12 tentacled monstrosities
  22 Ice Fiends
  3 spectral shard shrikes
  16 Orb Guardians (Zot:5)
  8 iron giants
  A deep elf blademaster (Elf:3)
  13 titans
  3 quicksilver dragons
  12 tainted leviathans
  4 searing wretches
  2 krakens
  2 eldritch tentacles
  12 liches
  10 sphinxes
  3 death cobs
  A thorn hunter (Zig:8)
  11 Executioners (Pan)
  Polyphemus (Shoals:3)
  8 storm dragons
  32 ancient champions
  3 tentacled starspawn
  5 tengu reavers
  9 shadow dragons
  A fenstrider witch (Zig:8)
  5 protean progenitors (Pan)
  10 fire giants
  Ilsuiw (Shoals:3)
  A demonspawn warmonger (Pan)
  2 draconian monks (Zot:5)
  6 revenants
  4 emperor scorpions (Spider:4)
  6 iron dragons
  5 narguns
  3 draconian knights
  5 deep elf sorcerers
  4 draconian shifters
  A daeva (Zig:4)
  2 spectral caustic shrikes (Depths:4)
  24 balrugs
  10 shard shrike simulacra
  10 quicksilver elementals
  2 draconian scorchers (Zot:5)
  12 frost giants
  13 vault wardens
  5 ghost moths
  19 reapers
  7 ghouls
  2 spectral juggernauts
  7 curse skulls
  6 draconian stormcallers
  5 demonspawn blood saints (Pan)
  3 deep elf elementalists
  11 cacodemons
  16 ironbound preservers
  2 juggernaut skeletons
  A spriggan defender (Depths:2)
  7 draconian annihilators
  An ophan (Zig:4)
  26 very ugly things
  21 stone giants
  3 demonspawn corrupters (Pan)
  A juggernaut zombie (Crypt:2)
  3 angels
  A broodmother (Spider:2)
  3 ironbound thunderhulks
  An orc warlord (Orc:2)
  14 vampire knights
  5 green draconians
  6 demonspawn black suns (Pan)
  18 elemental wellsprings
  9 deep elf annihilators
  A spectral titan (Tar:2)
  5 deep elf demonologists
  6 lorocyprocas (Pan)
  7 apis (Pan)
  13 putrid mouths
  7 red draconians
  5 yellow draconians
  6 black draconians
  A minotaur (Gauntlet)
  6 spark wasps
  8 bennus (Tomb:3)
  14 deep elf death magi
  8 purple draconians
  7 white draconians
  10 wendigos
  17 war gargoyles
  17 iron golems
  9 eidola
  7 green deaths
  A shambling mangrove (Zig:8)
  4 merfolk javelineers (Shoals:4)
  Snorg (Orc:2)
  8 fire dragons
  3 deep elf high priests
  4 jiangshi
  7 mummy priests
  13 yaktaur captains
  3 blizzard demons
  7 entropy weavers
  5 spectral spriggans
  A spectral quicksilver dragon (Tar:5)
  9 ettins
  2 crystal guardians (Depths:1)
  A spectral shadow dragon (Depths:4)
  10 merfolk impalers
  A spectral golden dragon (Depths:4)
  2 spriggan zombies
  The ghost of Gejouske the Cleaver, a journeyman GrFi of Okawaru (Lair:2)
  4 hydras
  4 ice dragons
  2 spectral sphinxes (Depths:4)
  2 peacekeepers (Vaults:1)
  27 vault guards
  11 caustic shrike simulacra
  5 jorogumos
  11 salamander tyrants
  6 ghost crabs
  5 rakshasas
  4 hell beasts (Pan)
  A spectral tengu (Depths:4)
  5 radroaches
  3 merfolk avatars
  5 ogre magi
  Erica (D:10)
  2 juggernaut simulacra
  3 catoblepae
  2 death knights (Crypt:2)
  7 boulder beetles
  4 centaur warriors
  An ironbound frostheart (Vaults:1)
  22 dancing weapons
  9 merfolk aquamancers
  2 spriggan air magi
  4 stokers
  5 satyrs
  4 deep troll shamans
  2 spriggan skeletons
  7 tengu warriors
  52 death scarabs
  9 two-headed ogres
  4 occultists
  8 vampire magi
  2 demonic crawlers
  2 naga sharpshooters (Zig:6)
  A sphinx skeleton (Depths:1)
  29 hell hogs
  A titan zombie (Hell)
  6 deep troll earth magi
  10 death yaks
  3 orc high priests
  A spectral storm dragon (Depths:4)
  2 spectral dire elephants
  6 soul eaters
  5 spriggans (Depths:2)
  45 sun demons
  4 spriggan berserkers
  5 hell knights (Vaults:5)
  2 shock serpents
  9 deep elf knights
  3 hellephant skeletons (Pan)
  6 iron trolls
  A fire crab (shapeshifter) (Depths:1)
  A goliath frog (Crypt:2)
  21 skeletal warriors
  4 crystal echidnas
  A titan skeleton (Depths:1)
  8 sixfirhies (Pan)
  6 shadow demons (Pan)
  5 wretched stars (Abyss:3)
  5 pharaoh ants
  3 skysharks (Shoals:1)
  2 quicksilver dragon simulacra (Coc:7)
  40 deep trolls
  10 shadow wraiths
  A death drake (Gauntlet)
  A spectral anaconda (Tar:1)
  2 spectral iron dragons
  10 sun moths
  9 sea snakes
  3 swamp dragons (Lair:3)
  5 orb spiders
  A glowing orange brain (D:14)
  6 arcanists
  7 flayed ghosts
  2 spriggan simulacra
  Pikel (D:9)
  3 obsidian statues
  4 orange crystal statues (Zig:1)
  2 naga ritualists
  8 ironbound convokers
  2 bog bodies (Crypt:2)
  9 phantasmal warriors
  An anaconda skeleton (Tomb:3)
  8 deep elf archers
  14 starcursed masses
  6 orc knights
  4 lindwurms
  An alligator zombie (Hell)
  4 necromancers
  7 orc sorcerers
  26 deep elf pyromancers
  14 deep elf zephyrmancers
  4 lightning spires (Depths:1)
  3 steelbarb worms
  19 harpies
  An oklob plant (Lair:2)
  17 wolf spiders
  16 manticores
  9 large abominations
  A faun (shapeshifter) (Abyss:3)
  35 ugly things
  3 salamanders (Pan)
  A spectral alligator snapping turtle (Tar:1)
  A spectral centaur (Gauntlet)
  7 centaur zombies
  7 moths of wrath
  A stone giant zombie (Tomb:3)
  A dire elephant zombie (Crypt:3)
  8 cyclopes
  3 worldbinders
  A meliai (shapeshifter) (D:15)
  18 fauns
  2 stone giant skeletons
  6 meliai
  10 black mambas
  10 merfolk sirens
  A naga zombie (Tomb:2)
  13 vault sentinels
  3 naga magi
  3 titan simulacra
  9 elephants
  3 rust devils
  17 cane toads
  13 smoke demons
  7 water nymphs
  A guardian serpent (Zig:6)
  4 torpor snails
  An ice statue (Zig:1)
  2 apocalypse crabs (D:15)
  3 centaur skeletons (D:7)
  6 gargoyles
  6 orange demons (Pan)
  An alligator snapping turtle zombie (Crypt:2)
  7 efreet
  6 unseen horrors
  11 molten gargoyles
  13 yaktaurs
  14 hellions
  4 golden dragon simulacra
  6 rime drakes
  22 guardian mummies
  2 naga skeletons
  An ice devil (Pan)
  An anaconda simulacrum (Coc:3)
  7 komodo dragons
  3 iron giant simulacra
  2 bunyip simulacra
  16 tormentors
  7 freezing wraiths
  2 hydra zombies (Hell)
  A queen bee (D:14)
  2 red devils (Pan)
  2 spectral nagas (Tar:2)
  2 ancient zymes (Abyss:3)
  31 merfolk
  3 spectral harpies
  7 hellwings
  An iron troll skeleton (Crypt:1)
  3 polar bears
  25 tarantellas
  3 trolls
  A harpy zombie (Crypt:3)
  6 wind drakes
  6 nameless horrors
  4 raiju
  A hornet (shapeshifter) (Vaults:5)
  13 blink frogs
  12 hornets
  A shadow dragon simulacrum (Coc:1)
  A stone giant simulacrum (Coc:4)
  A harpy skeleton (Tomb:3)
  11 snapping turtles
  10 dream sheep
  A frost giant simulacrum (Zig:3)
  3 ettin zombies
  13 culicivoras
  5 air elementals
  A merfolk skeleton (Hell)
  A centaur simulacrum (Crypt:2)
  8 slime creatures
  6 shadows
  3 small abominations
  A naga simulacrum (Coc:2)
  14 jumping spiders
  12 water elementals
  2 ushabtiu
  A spriggan (shapeshifter) (Depths:1)
  4 fire dragon skeletons (Crypt:3)
  5 ynoxinuls
  9 vampires
  12 fire elementals
  39 yaks
  5 wyverns
  An alligator snapping turtle simulacrum (Depths:1)
  9 wraiths
  Eustachio (D:4)
  8 vampire mosquitoes
  3 steam dragons
  4 basilisks
  5 dire elephant simulacra
  35 redbacks
  10 neqoxecs
  3 fire bats (Abyss:5)
  3 wargs
  24 chaos spawn
  10 harpy simulacra
  A glowing shapeshifter zombie (Vaults:4)
  A skyshark zombie (Crypt:2)
  5 acid dragons
  2 nagas (Zig:6)
  A swamp worm (Spider:4)
  14 water moccasins
  A faun skeleton (Crypt:2)
  Duvessa (D:5)
  6 hydra simulacra
  Pargi (D:4)
  23 laughing skulls
  An ogre skeleton (Vaults:4)
  A two-headed ogre skeleton (Crypt:1)
  A human zombie (Vaults:4)
  3 ice beasts
  A black bear (D:7)
  32 orc warriors
  2 ettin simulacra
  8 ogres
  10 centaurs
  A boggart (D:7)
  A boggart (shapeshifter) (D:15)
  A crocodile (Sewer)
  5 wolves
  4 lemures (D:9)
  A phantom (Crypt:2)
  A brain worm (Pan)
  2 weeping skulls (Abyss:3)
  10 bullfrogs
  4 scorpions
  A warg skeleton (Crypt:2)
  An earth elemental (Elf:1)
  A cyclops skeleton (Crypt:1)
  A wight (Abyss:3)
  Dowan (D:5)
  29 killer bees
  A snapping turtle simulacrum (Depths:1)
  5 howler monkeys
  A polar bear skeleton (Crypt:1)
  4 electric eels
  A lava snake (Elf:2)
  A yak skeleton (Crypt:2)
  A bombardier beetle (D:5)
  3 hounds
  20 orc priests
  4 jellies
  A sleepcap (D:5)
  A gnoll bouda (D:6)
  3 iguanas
  Ijyb (D:5)
  29 orc wizards
  A hell rat (Crypt:2)
  8 mummies
  3 gnolls (D:6)
  10 adders
  6 shadow imps
  A white imp (D:8)
  A ribbon worm zombie (Crypt:1)
  2 dart slugs (D:1)
  A ribbon worm (D:4)
  51 orcs
  5 ball pythons
  3 bats
  4 endoplasms
  A giant cockroach (D:2)
  4 hobgoblins
  15 jackals
  4 quokkas
  3 frilled lizards
  7 goblins
  4 kobolds
  An orc zombie (Crypt:2)
  3 rats
  2 aspiring fleshes (Pan)
  2 fire vortices
  A starspawn tentacle (Abyss:3)
  6 tentacles
2780 creatures vanquished.

Vanquished Creatures (collateral kills)
  Asmodeus (Geh:7)
  A pandemonium lord (Pan)
  Dispater (Dis:7)
  A juggernaut (Dis:7)
  A royal mummy (Tomb:3)
  2 caustic shrikes
  2 golden dragons
  A Tzitzimitl (Tar:6)
  7 iron giants
  A Brimstone Fiend (D:13)
  2 hellephants
  2 tentacled monstrosities
  6 Ice Fiends
  A Hell Sentinel (Pan)
  7 Orb Guardians
  A tainted leviathan (Tar:7)
  A deep elf blademaster (Elf:3)
  4 titans
  4 searing wretches
  3 sphinxes
  A deep elf master archer (Elf:3)
  A quicksilver dragon (Zot:5)
  An Executioner (Pan)
  2 ancient champions (Dis:7)
  An eldritch tentacle (Coc:2)
  A shadow dragon (Vaults:5)
  A storm dragon (Vaults:5)
  Roxanne (Elf:3)
  A protean progenitor (Pan)
  A demonspawn warmonger (Pan)
  A revenant (Zig:9)
  3 fire giants
  A quicksilver elemental (Dis:7)
  An iron dragon (Dis:2)
  4 frost giants
  2 deep elf elementalists
  An ironbound preserver (Vaults:3)
  2 cacodemons (Pan)
  2 shard shrike simulacra
  A draconian stormcaller (Zot:5)
  3 balrugs
  2 reapers
  A draconian annihilator (Pan)
  A stone giant (Zig:8)
  2 very ugly things
  2 vampire knights
  3 elemental wellsprings (Coc:7)
  2 bennus (Tomb:3)
  3 green draconians
  2 deep elf death magi
  2 black draconians (Zot:5)
  A deep elf annihilator (Pan)
  2 war gargoyles
  4 white draconians (Zot:5)
  2 purple draconians
  A yellow draconian (Zot:5)
  An iron golem (Dis:5)
  3 ettins
  A green death (Pan)
  4 wendigos
  2 merfolk javelineers (Shoals:4)
  A merfolk impaler (Shoals:4)
  3 blizzard demons
  An entropy weaver (Zig:8)
  A jiangshi (Crypt:3)
  2 mummy priests
  A kraken zombie (Hell)
  2 salamander tyrants
  3 caustic shrike simulacra (Coc:7)
  Erolcha (D:9)
  2 ogre magi (Vaults:5)
  A rakshasa (Pan)
  An alligator snapping turtle (Shoals:4)
  A fenstrider witch skeleton (Tomb:3)
  3 juggernaut simulacra
  2 spriggan skeletons
  A merfolk avatar (Shoals:4)
  22 death scarabs
  2 demonic crawlers (Pan)
  3 boulder beetles (Dis:2)
  9 hell hogs
  A vampire mage (Zig:9)
  3 dancing weapons (Dis:7)
  A spectral orc (Tar:2)
  A soul eater (Hell)
  A naga sharpshooter (Zig:6)
  A sun demon (Pan)
  An iron troll (Depths:3)
  A crystal echidna (Dis:7)
  A deep elf knight (Zig:7)
  2 skeletal warriors
  4 shadow wraiths (Tar:7)
  An orb spider (Spider:3)
  An arcanist (Vaults:3)
  A salamander mystic (Zig:6)
  2 naga ritualists (Zig:2)
  An anaconda zombie (Hell)
  An orc knight (Zig:5)
  2 flayed ghosts
  4 deep trolls
  A shadow demon (Pan)
  An anaconda skeleton (Hell)
  A deep elf archer (Zig:7)
  5 large abominations (Pan)
  4 deep elf pyromancers (Zig:7)
  A harpy (shapeshifter) (Depths:1)
  A wolf spider (Zig:5)
  2 harpies
  A faun (Shoals:1)
  2 cyclopes (Zig:10)
  An alligator skeleton (Hell)
  A manticore (Shoals:2)
  4 moths of wrath
  5 orange demons (Pan)
  A water nymph (Shoals:4)
  A rust devil (Abyss:3)
  4 smoke demons (Pan)
  A vault sentinel (Vaults:4)
  5 titan simulacra
  A torpor snail (Zig:8)
  2 naga magi (Zig:6)
  5 hellions
  2 centaur zombies
  An efreet (Pan)
  2 yaktaurs
  3 tormentors
  An ice devil (Pan)
  An anaconda simulacrum (Hell)
  A sea snake skeleton (Hell)
  A spectral naga (Tar:2)
  A golden dragon simulacrum (Coc:4)
  A bunyip simulacrum (Coc:2)
  A red devil (Pan)
  6 guardian mummies
  8 hellwings (Pan)
  7 merfolk
  A wind drake (Shoals:4)
  An iron dragon simulacrum (Coc:7)
  2 stone giant simulacra
  A dream sheep (Shoals:2)
  2 snapping turtles (Shoals:4)
  2 ynoxinuls (Pan)
  A culicivora (Spider:3)
  2 dire elephant simulacra
  2 vampires (Crypt:3)
  2 ushabtiu
  2 neqoxecs
  2 fire elementals
  A redback (Spider:2)
  11 chaos spawn (Pan)
  4 harpy simulacra (Coc:7)
  A small abomination (Abyss:3)
  3 orc warriors (Bailey)
  2 ettin simulacra
  2 earth elementals
  A scorpion (Crypt:2)
  9 starcursed masses (Abyss:3)
  3 mummies
  2 ufetubi (Abyss:3)
  2 orcs (Bailey)
  A giant cockroach (Crypt:2)
  A creeping inferno (Geh:4)
  A fire vortex (Geh:1)
  A starspawn tentacle (Abyss:3)
  2 tentacles (Hell)
367 creatures vanquished.

Vanquished Creatures (others)
  A dread lich (Zot:5)
  A golden dragon (Zig:8)
  A tentacled monstrosity (Zig:8)
  A pandemonium lord (Pan)
  An iron giant (Dis:2)
  A Hell Sentinel (Pan)
  A rockslime (Depths:3)
  A sphinx (Depths:3)
  76 eldritch tentacles
  An ancient champion (Dis:2)
  3 azure jellies
  2 fire giants
  An iron dragon (Zig:8)
  A frost giant (Depths:3)
  A shard shrike simulacrum (Coc:6)
  2 demonspawn corrupters (Pan)
  A cacodemon (Depths:3)
  A reaper (Pan)
  A demonspawn blood saint (Pan)
  A green draconian (Zot:5)
  A stone giant (Depths:3)
  A demonspawn black sun (Pan)
  An elemental wellspring (Coc:7)
  A vampire knight (Depths:3)
  A lorocyproca (Depths:3)
  A yellow draconian (Zot:5)
  A deep elf death mage (Zig:7)
  A purple draconian (Zot:5)
  3 green deaths (Pan)
  A fire dragon (Depths:1)
  A vault guard (Vaults:4)
  5 great orbs of eyes
  A caustic shrike simulacrum (Coc:6)
  A stoker (Geh:7)
  A boulder beetle (Dis:2)
  3 hell hogs (Geh:5)
  A vampire mage (Depths:3)
  A spriggan berserker (Depths:3)
  An occultist (Depths:1)
  A deep elf knight (Zig:7)
  3 soul eaters (Pan)
  6 glowing orange brains
  A shadow demon (Pan)
  An orb spider (shapeshifter) (Vaults:5)
  An orange crystal statue (Zig:1)
  A sun moth (shapeshifter) (Crypt:2)
  A phantasmal warrior (Hell)
  2 spriggan simulacra
  A deep elf pyromancer (Depths:1)
  2 deep elf zephyrmancers (Depths:1)
  A shining eye (shapeshifter) (Depths:1)
  A shining eye (Depths:3)
  An ugly thing (Depths:1)
  A cyclops (shapeshifter) (Depths:1)
  A will-o-the-wisp (Zig:8)
  An eye of devastation (Pan)
  A worldbinder (Abyss:3)
  A meliai (shapeshifter) (D:15)
  A torpor snail (shapeshifter) (Vaults:2)
  A vault sentinel (Vaults:4)
  A merfolk siren (Shoals:2)
  An ice statue (Depths:1)
  A water nymph (shapeshifter) (Vaults:5)
  2 smoke demons (Pan)
  A tormentor (Dis:6)
  A yaktaur (Vaults:2)
  An anaconda simulacrum (Coc:3)
  A merfolk (Shoals:4)
  A queen bee (shapeshifter) (Depths:2)
  3 hellwings (Pan)
  2 bloated husks (Zig:8)
  A dream sheep (shapeshifter) (Vaults:5)
  An iron dragon simulacrum (Coc:3)
  2 glass eyes (Depths:1)
  A jumping spider (shapeshifter) (Depths:1)
  4 slime creatures
  A culicivora (Spider:2)
  2 dire elephant simulacra
  A centaur simulacrum (Coc:2)
  A human (shapeshifter) (Depths:1)
  3 fire bats (Abyss:5)
  4 ynoxinuls (Pan)
  A neqoxec (Pan)
  A basilisk (shapeshifter) (Depths:1)
  2 chaos spawn
  2 harpy simulacra
  A swamp worm (shapeshifter) (Depths:1)
  A sky beast (Abyss:5)
  A swamp drake (Abyss:5)
  An ettin simulacrum (Coc:2)
  2 orc warriors (Bailey)
  3 boggarts (Vaults:1)
  A brain worm (Abyss:3)
  244 jellies
  An orc wizard (Orc:2)
  A howler monkey skeleton (Crypt:1)
  An adder (Depths:1)
  An orc (Orc:2)
  A giant cockroach (Depths:1)
  A kobold (Depths:1)
  An endoplasm zombie (Crypt:1)
  2 creeping infernos
  3 fire vortices
  2 foxfires (Zig:8)
  A lurking horror (Abyss:3)
  8 starspawn tentacles
  13 tentacles
488 creatures vanquished.

Grand Total: 3635 creatures vanquished

Notes
Turn   | Place    | Note
-------+----------+-------------------------------------------
     0 | D:1      | iamserjio the Octopode Cinder Acolyte began the quest for
                  | the Orb.
     0 | D:1      | Reached XP level 1. HP: 16/16 MP: 2/2
   176 | D:1      | Reached XP level 2. HP: 16/21 MP: 3/3
   255 | D:2      | Learned a level 2 spell: Scorch
   290 | D:2      | Reached skill level 1 in Dodging
   290 | D:2      | Reached XP level 3. HP: 6/26 MP: 4/4
   586 | D:2      | Reached XP level 4. HP: 20/31 MP: 5/5
   725 | D:3      | Found an opulent altar of Gozag.
   726 | D:3      | Found an opulent altar of Gozag.
   730 | D:3      | Found an opulent altar of Gozag.
   743 | D:3      | Found an opulent altar of Gozag.
   884 | D:3      | Found Liynofux's Distillery.
   890 | D:3      | Bought a potion of lignification for 42 gold pieces
   890 | D:3      | Bought a potion of lignification for 42 gold pieces
   989 | D:4      | Reached skill level 1 in Shields
  1015 | D:4      | Reached XP level 5. HP: 33/37 MP: 6/6
  1027 | D:4      | Found Luokusig's Neck Hole.
  1036 | D:4      | Noticed an ogre
  1045 | D:4      | Killed an ogre
  1046 | D:4      | Reached skill level 4 in Fighting
  1075 | D:4      | Reached skill level 5 in Unarmed Combat
  1075 | D:4      | Reached XP level 6. HP: 24/43 MP: 7/7
  1158 | D:4      | Noticed Pargi
  1180 | D:4      | Killed Pargi
  1181 | D:4      | Reached XP level 7. HP: 36/49 MP: 8/8
  1341 | D:4      | Noticed Eustachio
  1350 | D:4      | Killed Eustachio
  1397 | D:5      | Entered Level 5 of the Dungeon
  1414 | D:5      | Reached skill level 5 in Fighting
  1432 | D:5      | Noticed Duvessa
  1433 | D:5      | Noticed Dowan
  1448 | D:5      | Killed Duvessa
  1453 | D:5      | Killed Dowan
  1454 | D:5      | Reached XP level 8. HP: 41/55 MP: 9/9
  1544 | D:6      | Found Giph's Weapon Shoppe.
  1558 | D:6      | Noticed a wraith
  1601 | D:6      | Found Teediem's Armour Boutique.
  1651 | D:6      | Killed a wraith
  1652 | D:6      | Reached skill level 1 in Evocations
  1792 | D:6      | Found Ypexik's General Store.
  1815 | D:6      | Bought a scroll of blinking for 90 gold pieces
  1815 | D:6      | Bought a potion of curing for 36 gold pieces
  1875 | D:6      | Found a glowing drain.
  1880 | Sewer    | Entered a sewer
  2086 | D:5      | Reached skill level 6 in Fighting
  2088 | D:5      | Noticed Ijyb
  2098 | D:5      | Killed Ijyb
  2133 | D:5      | Noticed Edmund
  2134 | D:5      | Edmund changed into Edmund the steam dragon
  2134 | D:5      | Noticed Edmund
  2148 | D:5      | Killed Edmund the steam dragon
  2149 | D:5      | Reached XP level 9. HP: 57/62 MP: 10/10
  2182 | D:5      | Reached skill level 5 in Shields
  2518 | D:7      | Noticed Maggie
  2520 | D:7      | Noticed a troll
  2529 | D:7      | Noticed a hellwing
  2563 | D:7      | Killed a troll
  2564 | D:7      | Reached skill level 7 in Fighting
  2566 | D:7      | Killed a hellwing
  2572 | D:7      | Reached skill level 10 in Unarmed Combat
  2572 | D:7      | Reached XP level 10. HP: 56/71 MP: 11/11
  2578 | D:7      | Maggie changed into Maggie the black bear
  2578 | D:7      | Noticed Maggie
  2582 | D:7      | Killed Maggie the black bear
  2714 | D:7      | Found a burning altar of Makhleb.
  2714 | D:7      | Found a white marble altar of Elyvilon.
  2760 | D:7      | Reached skill level 8 in Fighting
  2972 | D:9      | Noticed Pikel
  3058 | D:9      | Found a flagged portal.
  3070 | Bailey   | Entered a bailey
  3167 | Bailey   | Reached skill level 5 in Dodging
  3198 | Bailey   | Noticed an orc knight
  3233 | Bailey   | Killed an orc knight
  3265 | Bailey   | Reached skill level 9 in Fighting
  3373 | Bailey   | Found a large runed translucent door.
  3373 | Bailey   | Found a large runed translucent door.
  3374 | Bailey   | Noticed a deep elf pyromancer
  3407 | Bailey   | Killed a deep elf pyromancer
  3522 | D:10     | Entered Level 10 of the Dungeon
  3522 | D:10     | Noticed Erica
  3527 | D:10     | Killed Erica
  3528 | D:10     | Reached XP level 11. HP: 44/81 MP: 12/12
  3604 | D:9      | Noticed Erolcha
  3615 | D:9      | Killed Erolcha
  3616 | D:9      | Reached skill level 1 in Shapeshifting
  3753 | D:9      | Found a staircase to the Lair.
  3776 | D:9      | Reached skill level 10 in Fighting
  3953 | D:9      | Noticed a two-headed ogre
  4078 | D:7      | Noticed Maurice
  4079 | D:7      | Maurice changed into Maurice the boggart
  4079 | D:7      | Noticed Maurice
  4089 | D:7      | Killed Maurice the boggart
  4382 | D:8      | Found a sacrificial altar of Ru.
  4399 | D:8      | Found an ornate altar of the Wu Jian Council.
  4489 | D:9      | Killed a two-headed ogre
  4529 | D:9      | Killed Pikel
  4771 | D:10     | Reached skill level 5 in Shapeshifting
  4771 | D:10     | Reached XP level 12. HP: 33/87 MP: 13/13
  4815 | D:10     | Identified a scroll of acquirement
  5081 | D:11     | Found a gate leading to a gauntlet.
  5094 | Gauntlet | Entered a Gauntlet
  5094 | Gauntlet | Found a transporter.
  5094 | Gauntlet | Found a runed translucent door.
  5095 | Gauntlet | Found a runed translucent door.
  5099 | Gauntlet | Found a transporter.
  5100 | Gauntlet | Found a transporter.
  5120 | Gauntlet | Found a transporter.
  5145 | Gauntlet | Found a transporter.
  5152 | Gauntlet | Found a transporter.
  5152 | Gauntlet | Found a transporter.
  5159 | Gauntlet | Found a runed translucent gate.
  5159 | Gauntlet | Found a runed translucent gate.
  5159 | Gauntlet | Found a runed translucent gate.
  5161 | Gauntlet | Found a transporter.
  5163 | Gauntlet | Found a transporter.
  5164 | Gauntlet | Found a transporter.
  5167 | Gauntlet | Acquired the ring of Esokum {rElec rPois rCorr Str+2}
  5204 | Gauntlet | Identified the ring "Cusapnuz" {Ice rElec rPois}
  5289 | Gauntlet | Found a transporter.
  5289 | Gauntlet | Found a transporter.
  5289 | Gauntlet | Found a transporter.
  5316 | Gauntlet | Found a transporter.
  5338 | Gauntlet | Gained mutation: Your magical capacity is low. (-10% MP)
                  | [potion of mutation]
  5338 | Gauntlet | Gained mutation: You occasionally lose the ability to drink
                  | potions when taking damage. [potion of mutation]
  5338 | Gauntlet | Gained mutation: You possess an exceptional clarity of
                  | mind. [potion of mutation]
  5340 | Gauntlet | Lost mutation: You occasionally lose the ability to drink
                  | potions when taking damage. [potion of mutation]
  5340 | Gauntlet | Lost mutation: Your magical capacity is low. (-10% MP)
                  | [potion of mutation]
  5340 | Gauntlet | Lost mutation: You possess an exceptional clarity of mind.
                  | [potion of mutation]
  5340 | Gauntlet | Gained mutation: You expend magic power (3 MP) to
                  | strengthen your wands. [potion of mutation]
  5340 | Gauntlet | Gained mutation: A frigid envelope surrounds you and
                  | freezes all who hurt you. [potion of mutation]
  5340 | Gauntlet | Gained mutation: Your mind is acute. (Int +4, Str/Dex -1)
                  | [potion of mutation]
  5340 | Gauntlet | Gained mutation: You are partially covered in large bone
                  | plates. (SH +4) [potion of mutation]
  5345 | Gauntlet | Noticed a minotaur
  5360 | Gauntlet | Killed a minotaur
  5404 | Gauntlet | Identified the +2 robe of Tite {Fly rPois Regen+ Int-2}
  5468 | D:11     | Noticed a two-headed ogre
  5481 | D:11     | Killed a two-headed ogre
  5482 | D:11     | Reached skill level 11 in Fighting
  5633 | D:11     | Noticed a two-headed ogre
  5639 | D:11     | Killed a two-headed ogre
  5683 | D:11     | Noticed a five-headed hydra
  5719 | D:11     | Noticed a two-headed ogre
  5724 | D:11     | Killed a two-headed ogre
  5731 | D:11     | Found a portal to a secret trove of treasure.
  5815 | D:12     | Noticed a two-headed ogre
  5921 | D:11     | Noticed a tengu warrior
  5929 | D:11     | Killed a tengu warrior
  5993 | D:11     | Identified the +8 glaive of Exoneration {protect, Fly
                  | Will+++ Int-4 SInv}
  6040 | D:11     | Killed a five-headed hydra
  6044 | D:11     | Reached XP level 13. HP: 69/96 MP: 14/14
  6145 | D:12     | Found a staircase to the Orcish Mines.
  6477 | D:14     | Reached skill level 12 in Fighting
  6501 | D:14     | Found a gate to the Vaults.
  6521 | D:15     | Entered Level 15 of the Dungeon
  6764 | D:13     | Learned a level 6 spell: Summon Cactus Giant
  7066 | D:14     | Noticed a vault guard
  7072 | D:14     | Killed a vault guard
  7104 | D:14     | Reached skill level 10 in Shields
  7204 | D:15     | Found a one-way gate to the infinite horrors of the Abyss.
  7204 | D:15     | Noticed a rakshasa
  7204 | D:15     | Noticed Roigus's ghost (journeyman DjFE)
  7220 | D:15     | Found a transporter.
  7248 | D:15     | Reached XP level 14. HP: 83/103 MP: 15/15
  7759 | Lair:1   | Entered Level 1 of the Lair of Beasts
  7944 | Lair:1   | You fall into a shaft and drop 1 floor!
  7969 | Lair:2   | Found a staircase to the Shoals.
  7985 | Shoals:1 | Entered Level 1 of the Shoals
  8005 | Lair:2   | Identified the +7 arbalest of Purpose {flame, rPois Dex+2
                  | Stlth+}
  8132 | Lair:3   | Found a transporter.
  8199 | Lair:4   | Reached skill level 10 in Shapeshifting
  8216 | Lair:5   | Entered Level 5 of the Lair of Beasts
  8340 | Lair:5   | Found a staircase to the Slime Pits.
  8341 | Lair:5   | Found a viscous altar of Jiyva.
  8363 | Lair:5   | Fell from the grace of Ignis
  8363 | Lair:5   | Became a worshipper of Jiyva Jutroff the Shapeless
  8537 | Lair:5   | Reached skill level 1 in Summonings
  8587 | Lair:5   | Reached * piety under Jiyva
  8698 | Lair:5   | Reached XP level 15. HP: 85/108 MP: 18/18
  8794 | Lair:5   | Reached skill level 5 in Summonings
  8837 | Lair:5   | Got an earthy gem with 2665 turns to spare
  8971 | Lair:4   | Found a snail-covered altar of Cheibriados.
  9045 | Lair:2   | Reached ** piety under Jiyva
  9047 | Lair:2   | Found a transporter.
  9284 | Lair:2   | Reached *** piety under Jiyva
  9284 | Lair:2   | Lost mutation: You are partially covered in large bone
                  | plates. (SH +4) [Jiyva's grace]
  9284 | Lair:2   | Gained mutation: Armour fits poorly on your pseudopods.
                  | [Jiyva's grace]
  9284 | Lair:2   | Gained mutation: Armour fits poorly on your large
                  | pseudopods. [Jiyva's grace]
  9284 | Lair:2   | Gained mutation: Armour fits poorly on your massive
                  | pseudopods. [Jiyva's grace]
  9284 | Lair:2   | Gained mutation: You have a small jelly attached to you
                  | that senses nearby items. [Jiyva's grace]
  9348 | Lair:2   | Noticed Gejouske's ghost (journeyman GrFi)
  9355 | Lair:2   | Found a transporter.
  9439 | Lair:2   | Reached skill level 5 in Spellcasting
  9439 | Lair:2   | Killed Gejouske's ghost
  9620 | Orc:1    | Entered Level 1 of the Orcish Mines
  9722 | Orc:2    | Entered Level 2 of the Orcish Mines
  9794 | Orc:2    | Found a staircase to the Elven Halls.
 10014 | Orc:2    | Noticed Saint Roka
 10019 | Orc:2    | Noticed Snorg
 10026 | Orc:2    | Killed Saint Roka
 10029 | Orc:2    | Killed Snorg
 10047 | Orc:2    | Reached **** piety under Jiyva
 10075 | Orc:2    | Noticed an orc warlord
 10095 | Orc:2    | Killed an orc warlord
 10117 | Orc:2    | Found Tyguc's Antique Armour Boutique.
 10157 | Orc:2    | Found Joxytaza's Antique Weapon Boutique.
 10164 | Orc:2    | Found Qazxous's Jewellery Boutique.
 10171 | Orc:2    | Bought a ring of protection from cold for 375 gold pieces
 10171 | Orc:2    | Bought a ring of protection from fire for 375 gold pieces
 10179 | Orc:2    | Learned a level 3 spell: Summon Ice Beast
 10185 | Orc:2    | Learned a level 5 spell: Summon Mana Viper
 10194 | Orc:2    | Found Ifoistor's General Store.
 10201 | Orc:2    | Bought a potion of might for 68 gold pieces
 10236 | Elf:1    | Entered Level 1 of the Elven Halls
 10269 | Elf:1    | Paralysed by an air elemental for 1 turns
 10296 | Elf:1    | Reached skill level 1 in Hexes
 10305 | Elf:1    | Reached XP level 16. HP: 30/107 MP: 25/25
 10389 | Elf:1    | Reached skill level 10 in Summonings
 10641 | Elf:2    | Lost mutation: Your mind is acute. (Int +4, Str/Dex -1)
                  | [Jiyva's grace]
 10641 | Elf:2    | Lost mutation: A frigid envelope surrounds you and freezes
                  | all who hurt you. [Jiyva's grace]
 10641 | Elf:2    | Lost mutation: Armour fits poorly on your massive
                  | pseudopods. [Jiyva's grace]
 10641 | Elf:2    | Gained mutation: Your flesh is cold resistant. (rC+)
                  | [Jiyva's grace]
 10641 | Elf:2    | Gained mutation: Your flesh is very cold resistant. (rC++)
                  | [Jiyva's grace]
 10641 | Elf:2    | Gained mutation: Your flesh is almost immune to the effects
                  | of cold. (rC+++) [Jiyva's grace]
 10641 | Elf:2    | Gained mutation: You possess an exceptional clarity of
                  | mind. [Jiyva's grace]
 10677 | Elf:2    | Found a huge runed translucent gate.
 10677 | Elf:2    | Found a huge runed translucent gate.
 10677 | Elf:2    | Found a huge runed translucent gate.
 10677 | Elf:2    | Found a huge runed translucent gate.
 10677 | Elf:2    | Found a huge runed translucent gate.
 10764 | Elf:2    | Reached ***** piety under Jiyva
 10861 | Elf:2    | Learned a level 1 spell: Apportation
 10890 | Elf:2    | Reached skill level 1 in Translocations
 10893 | Elf:2    | You fall into a shaft and drop 1 floor!
 10893 | Elf:3    | Entered Level 3 of the Elven Halls
 10958 | Elf:2    | Was forgiven by Ignis
 11233 | Elf:2    | Reached skill level 5 in Hexes
 11370 | Elf:3    | Noticed Roxanne
 11425 | Elf:3    | Killed Roxanne
 11435 | Elf:3    | Found Nolic's Armour Shoppe.
 11464 | Elf:3    | Learned a level 7 spell: Monstrous Menagerie
 11496 | Elf:3    | Identified the +9 war axe "Oxafoasm" {venom, rElec rN+
                  | Stlth+}
 11507 | Elf:3    | Identified the ring "Vaunnauxi" {Fly rPois rC+ rN+ Str+2}
 11528 | Elf:3    | Noticed an Ice Fiend
 11531 | Elf:3    | Reached XP level 17. HP: 93/119 MP: 27/27
 11555 | Elf:3    | Identified the +0 lajatang of Keponol {freeze, Int+5}
 11618 | Elf:3    | Identified the +1 plate armour of the Iron City of Dis
                  | {Int+2}
 11618 | Elf:3    | Noticed a deep elf blademaster
 11623 | Elf:3    | Killed a deep elf blademaster
 11625 | Elf:3    | Identified the +10 spear of Juhofaz {chaos, Str-5 Dex+5
                  | Stlth+}
 11625 | Elf:3    | Identified the ring of Woluqai {^Contam rN+ Str+6 Dex+3}
 11658 | Elf:3    | Found the +8 longbow "Zephyr" {speed, Dex+3 SInv}
 11681 | Elf:3    | Got the Incunable of the Fifth Circle
 11683 | Elf:3    | Identified the +10 trident "Wiuquxa" {drain, Dex+2}
 11684 | Elf:3    | Identified the +8 hand axe of the Moon {holy, rElec}
 11691 | Elf:3    | Identified the +2 whip of Upheaval {antimagic, rC+}
 11691 | Elf:3    | Noticed a deep elf blademaster
 11696 | Elf:3    | Killed a deep elf blademaster
 11697 | Elf:3    | Identified the +5 quick blade of the Moon {drain, ^Fragile
                  | rElec Int-3 Stlth+}
 11702 | Elf:3    | Noticed an Executioner
 11718 | Elf:3    | Got a shimmering gem with 204 turns to spare
 11763 | Elf:3    | Noticed a deep elf master archer
 11772 | Elf:3    | Killed a deep elf master archer
 11773 | Elf:3    | Killed a ghostly deep elf master archer
 11853 | Elf:1    | Lost the shimmering gem through the power of Zot.
 11920 | Orc:2    | Bought a +6 ring of intelligence for 540 gold pieces
 11920 | Orc:2    | Bought a ring of protection from fire for 375 gold pieces
 12207 | D:3      | Bought a potion of resistance for 140 gold pieces
 12207 | D:3      | Bought a potion of resistance for 140 gold pieces
 12207 | D:3      | Bought 2 potions of curing for 84 gold pieces
 12207 | D:3      | Bought a potion of curing for 42 gold pieces
 12448 | D:6      | Bought a scroll of fog for 48 gold pieces
 12560 | Lair:1   | Learned a level 3 spell: Ozocubu's Armour
 12587 | Lair:3   | Found a transporter.
 12618 | Lair:3   | Identified the +1 cloak of Lilacs {rElec rN+ Dex+3 Stlth-}
 12629 | Lair:3   | Found a hole to the Spider Nest.
 12642 | Spider:1 | Entered Level 1 of the Spider Nest
 12807 | Spider:2 | Reached skill level 15 in Shapeshifting
 12841 | Spider:3 | Noticed Arachne
 12858 | Spider:3 | Killed Arachne
 12867 | Spider:4 | Entered Level 4 of the Spider Nest
 12966 | Spider:4 | Gained mutation: You are agile. (Dex +4, Str/Int -1)
                  | [Jiyva's grace]
 12966 | Spider:4 | Gained mutation: You are very agile. (Dex +8, Str/Int -2)
                  | [Jiyva's grace]
 12966 | Spider:4 | Gained mutation: Armour fits poorly on your massive
                  | pseudopods. [Jiyva's grace]
 12966 | Spider:4 | Gained mutation: You are strong-willed. (Will+) [Jiyva's
                  | grace]
 13085 | Spider:4 | Reached XP level 18. HP: 126/126 MP: 12/28
 13187 | Spider:4 | Got a gossamer rune of Zot
 13187 | Spider:4 | Got a milky-white gem with 1595 turns to spare
 13290 | Spider:3 | Noticed Mara
 13312 | Spider:3 | Noticed iamserjio's illusion
 13332 | Spider:3 | Killed Mara
 13487 | Spider:3 | Reached skill level 15 in Unarmed Combat
 13585 | Spider:2 | Reached skill level 10 in Dodging
 13867 | Shoals:1 | Found Yklenam's Weapon Emporium.
 13922 | Shoals:3 | Reached skill level 13 in Fighting
 13923 | Shoals:3 | Noticed Ilsuiw
 13937 | Shoals:3 | Killed Ilsuiw
 13954 | Shoals:4 | Entered Level 4 of the Shoals
 14110 | Shoals:2 | Found a flickering gateway to a bazaar.
 14125 | Bazaar   | Entered a bazaar
 14130 | Bazaar   | Lost mutation: You possess an exceptional clarity of mind.
                  | [Jiyva's grace]
 14130 | Bazaar   | Lost mutation: Your flesh is almost immune to the effects
                  | of cold. (rC+++) [Jiyva's grace]
 14130 | Bazaar   | Lost mutation: You have a small jelly attached to you that
                  | senses nearby items. [Jiyva's grace]
 14130 | Bazaar   | Gained mutation: You have acidic saliva. [Jiyva's grace]
 14130 | Bazaar   | Gained mutation: You are covered in slimy tendrils that may
                  | disarm your opponents. [Jiyva's grace]
 14130 | Bazaar   | Gained mutation: You are highly strong-willed. (Will++)
                  | [Jiyva's grace]
 14130 | Bazaar   | Gained mutation: You are extremely strong-willed. (Will+++)
                  | [Jiyva's grace]
 14136 | Bazaar   | Found Gawuth's Jewellery Shop.
 14183 | Bazaar   | Found Lesyot's Armour Emporium.
 14192 | Bazaar   | Found Upih's Book Shop.
 14200 | Bazaar   | Bought a book of Minor Magic for 208 gold pieces
 14203 | Bazaar   | Learned a level 2 spell: Blink
 14209 | Bazaar   | Found Ethuditrew's Book Shoppe.
 14224 | Bazaar   | Found Dushanu's Distillery.
 14232 | Bazaar   | Bought a potion of haste for 150 gold pieces
 14232 | Bazaar   | Bought a potion of heal wounds for 75 gold pieces
 14254 | Bazaar   | Bought a book of the Moon for 320 gold pieces
 14376 | Shoals:3 | Reached XP level 19. HP: 135/135 MP: 29/29
 14396 | Shoals:3 | Noticed Polyphemus
 14412 | Shoals:3 | Killed Polyphemus
 14429 | Shoals:3 | Reached skill level 14 in Fighting
 14556 | Shoals:4 | Reached skill level 5 in Translocations
 14722 | Shoals:4 | Identified the +2 scimitar "Qurchy" {flame, +Blink Int+5}
 14810 | Shoals:4 | Learned a level 4 spell: Passage of Golubria
 14880 | Shoals:4 | Got a barnacled rune of Zot
 14883 | Shoals:4 | Got an azure gem with 529 turns to spare
 15122 | Shoals:2 | Reached ****** piety under Jiyva
 15241 | Shoals:1 | Lost the azure gem through the power of Zot.
 15258 | Shoals:1 | Lost mutation: You are very agile. (Dex +8, Str/Int -2)
                  | [Jiyva's grace]
 15258 | Shoals:1 | Lost mutation: Your flesh is very cold resistant. (rC++)
                  | [Jiyva's grace]
 15258 | Shoals:1 | Lost mutation: You are extremely strong-willed. (Will+++)
                  | [Jiyva's grace]
 15258 | Shoals:1 | Lost mutation: Armour fits poorly on your massive
                  | pseudopods. [Jiyva's grace]
 15258 | Shoals:1 | Gained mutation: You have a small jelly attached to you
                  | that senses nearby items. [Jiyva's grace]
 15258 | Shoals:1 | Gained mutation: You have hidden genetic potential.
                  | [Jiyva's grace]
 15258 | Shoals:1 | Gained mutation: You have great hidden genetic potential.
                  | [Jiyva's grace]
 15258 | Shoals:1 | Gained mutation: Your flesh is heat resistant. (rF+)
                  | [Jiyva's grace]
 15362 | Lair:3   | You are sucked into a shaft and drop 2 floors!
 15393 | Slime:1  | Entered Level 1 of the Pits of Slime
 15397 | Slime:1  | Learned a level 2 spell: Lesser Beckoning
 15426 | Slime:5  | Entered Level 5 of the Pits of Slime
 15442 | Slime:5  | Found a viscous altar of Jiyva.
 15442 | Slime:5  | Found the +8 pair of quick blades "Gyre" and "Gimble"
                  | {protect}
 15445 | Slime:5  | Noticed the Royal Jelly
 15455 | Slime:5  | Identified the amulet of Loyclaluywn {Acrobat Will+ Str+3
                  | Int-3}
 15456 | Slime:5  | Got a slimy rune of Zot
 15456 | Slime:5  | Got a starry gem with 508 turns to spare
 15715 | Vaults:1 | Entered Level 1 of the Vaults
 15792 | Vaults:1 | Reached skill level 10 in Translocations
 15836 | Vaults:1 | You are sucked into a shaft and drop 1 floor!
 15905 | Vaults:3 | Reached XP level 20. HP: 143/143 MP: 30/33
 15999 | Vaults:3 | You are sucked into a shaft and drop 1 floor!
 16080 | Vaults:5 | Entered Level 5 of the Vaults
 16090 | Vaults:4 | Reached skill level 1 in Stealth
 16184 | Vaults:5 | Identified the +5 spear of Royalism {vamp, *Slow Will++
                  | Int+4}
 16187 | Vaults:5 | Identified the staff "Letwyed" {^Drain rC+ Dex+4 SInv Tloc
                  | Ice}
 16211 | Vaults:5 | Reached skill level 5 in Stealth
 16213 | Vaults:5 | Reached skill level 15 in Fighting
 16225 | Vaults:5 | Noticed a Brimstone Fiend
 16237 | Vaults:5 | Gained mutation: You are partially covered in iridescent
                  | scales. (AC +2) [hidden potential]
 16273 | Vaults:5 | Identified the staff "Ucvud" {rPois Earth}
 16344 | Vaults:5 | Got the Quarto of Formation and Anthracomancy
 16418 | Vaults:5 | Got a shining gem with 2727 turns to spare
 16419 | Vaults:5 | Reached skill level 10 in Spellcasting
 16420 | Vaults:5 | Got a silver rune of Zot
 16423 | Vaults:5 | Identified the staff "Qodoanta" {rPois rF+ Will+ Fire
                  | Alchemy}
 16442 | Vaults:5 | Reached XP level 21. HP: 152/152 MP: 32/35
 16515 | Vaults:5 | Reached skill level 16 in Fighting
 16672 | Vaults:5 | Identified the ring of Dieshoop {rF+ Int+8 Slay-5 SInv
                  | Stlth+}
 16678 | Vaults:5 | Identified the staff of Cyolont {rN+ MP+9 Int+6 Necro}
 16803 | Vaults:4 | Found a flickering gateway to a bazaar.
 16813 | Bazaar   | Entered a bazaar
 16813 | Bazaar   | Found Plog's Antique Armour Shop.
 16818 | Bazaar   | Found Adolah Jycas's Antique Weapon Shop.
 16826 | Bazaar   | Found Fawnobo's General Store.
 16862 | Vaults:4 | Found Ehifat's Distillery.
 16869 | Vaults:4 | Bought a potion of curing for 36 gold pieces
 16869 | Vaults:4 | Bought a potion of curing for 36 gold pieces
 16869 | Vaults:4 | Bought a potion of lignification for 36 gold pieces
 16869 | Vaults:4 | Bought a potion of mutation for 96 gold pieces
 16887 | Vaults:4 | Found Zihelay's Antique Weapon Emporium.
 16959 | Vaults:4 | Lost mutation: Your flesh is heat resistant. (rF+) [Jiyva's
                  | grace]
 16959 | Vaults:4 | Lost mutation: You have a small jelly attached to you that
                  | senses nearby items. [Jiyva's grace]
 16959 | Vaults:4 | Gained mutation: Your muscles are strong. (Str +4, Int/Dex
                  | -1) [Jiyva's grace]
 16959 | Vaults:4 | Gained mutation: Your muscles are very strong. (Str +8,
                  | Int/Dex -2) [Jiyva's grace]
 16959 | Vaults:4 | Gained mutation: You are extremely strong-willed. (Will+++)
                  | [Jiyva's grace]
 16959 | Vaults:4 | Gained mutation: You have a pair of small antennae on your
                  | head. [Jiyva's grace]
 16977 | Vaults:4 | Found Qitoeh's Distillery.
 16980 | Vaults:4 | Bought a potion of curing for 48 gold pieces
 16980 | Vaults:4 | Bought a potion of heal wounds for 80 gold pieces
 16980 | Vaults:4 | Bought a potion of might for 64 gold pieces
 16980 | Vaults:4 | Bought a potion of curing for 48 gold pieces
 16980 | Vaults:4 | Bought a potion of haste for 160 gold pieces
 16980 | Vaults:4 | Bought a potion of curing for 48 gold pieces
 17114 | Vaults:4 | Reached skill level 17 in Fighting
 17159 | Vaults:3 | Found a staircase to the Crypt.
 17159 | Vaults:3 | Found a basalt altar of Yredelemnul.
 17160 | Vaults:3 | Found an ancient bone altar of Kikubaaqudgha.
 17166 | Crypt:1  | Entered Level 1 of the Crypt
 17173 | Crypt:1  | Gained mutation: You are mostly covered in iridescent
                  | scales. (AC +4) [hidden potential]
 17173 | Crypt:1  | Lost mutation: You have great hidden genetic potential.
                  | [hidden potential expressed]
 17303 | Crypt:2  | Found a runed translucent gate.
 17303 | Crypt:2  | Found a runed translucent gate.
 17303 | Crypt:2  | Found a runed translucent gate.
 17336 | Crypt:2  | Acquired the ring "Ywaumm" {rF+ rN+}
 17397 | Crypt:2  | Reached XP level 22. HP: 164/164 MP: 37/37
 17405 | Crypt:2  | Reached skill level 18 in Fighting
 17432 | Crypt:3  | Entered Level 3 of the Crypt
 17780 | Crypt:3  | Lost mutation: You are agile. (Dex +4, Str/Int -1) [Jiyva's
                  | grace]
 17780 | Crypt:3  | Lost mutation: You are extremely strong-willed. (Will+++)
                  | [Jiyva's grace]
 17780 | Crypt:3  | Lost mutation: Your muscles are very strong. (Str +8,
                  | Int/Dex -2) [Jiyva's grace]
 17780 | Crypt:3  | Lost mutation: Armour fits poorly on your large pseudopods.
                  | [Jiyva's grace]
 17780 | Crypt:3  | Gained mutation: One of your tentacles bears a spike.
                  | [Jiyva's grace]
 17780 | Crypt:3  | Gained mutation: One of your tentacles bears a nasty spike.
                  | [Jiyva's grace]
 17780 | Crypt:3  | Gained mutation: One of your tentacles bears a large
                  | vicious spike. [Jiyva's grace]
 17780 | Crypt:3  | Gained mutation: Your flesh is heat resistant. (rF+)
                  | [Jiyva's grace]
 17823 | Crypt:3  | Found an ancient bone altar of Kikubaaqudgha.
 17840 | Crypt:3  | Reached skill level 19 in Fighting
 17848 | Crypt:3  | Identified the ring of the Rose {rF+ rN+ Dex+3}
 17849 | Crypt:3  | Identified the amulet "Irhaagg" {-Cast rPois rF- Regen+
                  | Str+9}
 17850 | Crypt:3  | Identified the ring "Ciub" {rN+ Str+3}
 17860 | Crypt:3  | Noticed a dread lich
 17865 | Crypt:3  | Killed a dread lich
 17870 | Crypt:3  | Got an ivory gem with 801 turns to spare
 18258 | D:15     | Found a transporter.
 18265 | D:15     | Identified the +4 rapier "Wer Umen" {drain, Str+3 Int+3}
 18321 | D:14     | You are sucked into a shaft and drop 1 floor!
 18398 | D:15     | Found a staircase to the Depths.
 18405 | D:15     | Reached skill level 20 in Fighting
 18406 | D:15     | Got a smoky gem with 324 turns to spare
 18408 | Depths:1 | Entered Level 1 of the Depths
 18425 | Depths:1 | Reached skill level 1 in Necromancy
 18426 | Depths:1 | Paralysed by an air elemental for 1 turns
 18444 | Depths:1 | Gained mutation: You possess an exceptional clarity of
                  | mind. [hidden potential]
 18468 | Depths:1 | Got the Teachings on the Storm
 18557 | Depths:1 | Found a runed translucent gate.
 18557 | Depths:1 | Found a runed translucent gate.
 18557 | Depths:1 | Found a runed translucent gate.
 18570 | Depths:1 | Reached skill level 5 in Necromancy
 18588 | Depths:1 | Found a runed translucent gate.
 18588 | Depths:1 | Found a runed translucent gate.
 18591 | Depths:1 | Found a runed translucent gate.
 18591 | Depths:1 | Noticed mohammadb5305's ghost (adept FeAE)
 18600 | Depths:1 | Reached XP level 23. HP: 176/176 MP: 34/38
 18608 | Depths:1 | Killed mohammadb5305's ghost
 18617 | Depths:1 | Identified the +1 hat of Beauty {^Drain rPois rN+ Str+2}
 18819 | Depths:4 | Entered Level 4 of the Depths
 18819 | Depths:4 | Found a gateway to Hell.
 18823 | Depths:4 | Found a one-way gateway to a ziggurat.
 18857 | Depths:4 | Found a runed translucent gate.
 18857 | Depths:4 | Found a runed translucent gate.
 18858 | Depths:4 | Found a runed translucent gate.
 18860 | Depths:4 | Noticed Dikisett's ghost (veteran GrCj)
 18884 | Depths:4 | Killed Dikisett's ghost
 18888 | Depths:4 | Reached skill level 10 in Necromancy
 18896 | Depths:4 | Identified the ring of the Genius {rElec Int+3 Dex+6}
 18936 | Depths:3 | Noticed Jory
 18942 | Depths:3 | Killed Jory
 18976 | Depths:3 | Noticed a juggernaut
 18982 | Depths:3 | Killed a juggernaut
 19109 | Depths:4 | Noticed Boris
 19118 | Depths:4 | Killed Boris
 19120 | Depths:4 | Gained mutation: You are robust. (+10% HP) [hidden
                  | potential]
 19120 | Depths:4 | Lost mutation: You have hidden genetic potential. [hidden
                  | potential expressed]
 19178 | Depths:4 | Found a gate to the Realm of Zot.
 19180 | Depths:4 | Got a midnight gem with 1911 turns to spare
 19340 | Zig:1    | Entered Level 1 of a ziggurat
 19403 | Zig:2    | Entered Level 2 of a ziggurat
 19403 | Zig:2    | Noticed Felim the pandemonium lord
 19414 | Zig:2    | Killed Felim the pandemonium lord
 19431 | Zig:3    | Entered Level 3 of a ziggurat
 19446 | Zig:4    | Entered Level 4 of a ziggurat
 19459 | Zig:4    | Reached XP level 24. HP: 201/201 MP: 39/39
 19468 | Zig:4    | Identified the +11 dagger of Exquisite Death {speed,
                  | ^Fragile Str+6}
 19482 | Zig:4    | Learned a level 7 spell: Malign Gateway
 19491 | Zig:4    | Learned a level 8 spell: Borgnjor's Revivification
 19492 | Zig:5    | Entered Level 5 of a ziggurat
 19503 | Zig:5    | Identified the +2 pair of boots of Howling Wind {Regen+}
 19506 | Zig:6    | Entered Level 6 of a ziggurat
 19537 | Zig:6    | Got the Grimoire of the Amassed Cwm
 19562 | Zig:7    | Entered Level 7 of a ziggurat
 19562 | Zig:7    | Lost mutation: One of your tentacles bears a large vicious
                  | spike. [Jiyva's grace]
 19562 | Zig:7    | Lost mutation: Your flesh is cold resistant. (rC+) [Jiyva's
                  | grace]
 19562 | Zig:7    | Lost mutation: Your flesh is heat resistant. (rF+) [Jiyva's
                  | grace]
 19562 | Zig:7    | Lost mutation: You are highly strong-willed. (Will++)
                  | [Jiyva's grace]
 19562 | Zig:7    | Lost mutation: You have acidic saliva. [Jiyva's grace]
 19562 | Zig:7    | Lost mutation: You are covered in slimy tendrils that may
                  | disarm your opponents. [Jiyva's grace]
 19562 | Zig:7    | Gained mutation: One of your tentacles bears a large
                  | vicious spike. [Jiyva's grace]
 19562 | Zig:7    | Gained mutation: You passively map a small area around you.
                  | [Jiyva's grace]
 19562 | Zig:7    | Gained mutation: You passively map the area around you.
                  | [Jiyva's grace]
 19562 | Zig:7    | Gained mutation: You passively map a large area around you.
                  | [Jiyva's grace]
 19569 | Zig:7    | Noticed an ancient lich
 19579 | Zig:7    | Killed an ancient lich
 19597 | Zig:7    | Identified the ring "Jeriwago" {rC++ Int+6}
 19598 | Zig:7    | Identified the ring "Ehatin" {rElec Str+2 Int+6 Slay+2
                  | Stlth+}
 19600 | Zig:7    | Identified the +0 short sword of Disaster {elec, +Blink
                  | Int+2}
 19609 | Zig:7    | Got the Vellum of Topomancy and Dark Liturgies
 19613 | Zig:8    | Entered Level 8 of a ziggurat
 19623 | Zig:8    | Found the +8 Wrath of Trog {antimagic, *Rage Rampage}
 19646 | Zig:8    | Identified the ring of Jiesowoa {rF+ rCorr Str-2 Dex+3}
 19650 | Zig:8    | Got Veiled Knowledge of Boris
 19653 | Zig:9    | Entered Level 9 of a ziggurat
 19673 | Zig:10   | Entered Level 10 of a ziggurat
 19684 | Zig:10   | Noticed a dread lich
 19684 | Zig:10   | Found the ring of the Octopus King
 19688 | Zig:10   | Noticed an ancient lich
 19694 | Zig:10   | Killed a dread lich
 19699 | Zig:10   | Killed an ancient lich
 19726 | Zig:10   | Identified a ring of the Octopus King {HP+2 AC+2 EV+2 SH+2
                  | SInv}
 19731 | Zig:10   | Identified the staff "Paosesh" {*Slow rPois rCorr Str-4
                  | Hexes Alchemy}
 19734 | Zig:10   | Identified the ring of Femnol {rN+ Str-3 Int+4 Dex+6 SInv}
 19736 | Zig:10   | Reached XP level 25. HP: 207/207 MP: 39/39
 20004 | Depths:1 | Found a sacrificial altar of Ru.
 20061 | Depths:1 | Got the Secrets of Parts Unknown
 20184 | D:11     | You paid a toll of 6 scrolls of fog to enter a treasure
                  | trove
 20185 | Trove    | Entered a treasure trove
 20189 | Trove    | Found the +8 whip "Snakebite" {venom, curare, rPois}
 20193 | Trove    | Identified the +6 demon blade "Testudineslayer" {vamp,
                  | rPois Int+6}
 20314 | D:15     | Lost the smoky gem through the power of Zot.
 20331 | Depths:1 | Found Ycvoroawn's Antique Armour Emporium.
 20367 | Depths:2 | Found a one-way gate leading to the halls of Pandemonium.
 20371 | Depths:2 | Reached skill level 15 in Necromancy
 20464 | Pan      | Entered Pandemonium
 20633 | Pan      | Noticed Wetsoj the pandemonium lord
 20648 | Pan      | Killed Wetsoj the pandemonium lord
 20649 | Pan      | Reached skill level 1 in Earth Magic
 20804 | Pan      | Noticed Ydeeshru the pandemonium lord
 20831 | Pan      | Killed Ydeeshru the pandemonium lord
 20864 | Pan      | Entered the realm of Cerebov.
 20864 | Pan      | Lost mutation: You have a pair of small antennae on your
                  | head. [Jiyva's grace]
 20864 | Pan      | Lost mutation: One of your tentacles bears a large vicious
                  | spike. [Jiyva's grace]
 20864 | Pan      | Lost mutation: You are strong-willed. (Will+) [Jiyva's
                  | grace]
 20864 | Pan      | Lost mutation: You passively map a large area around you.
                  | [Jiyva's grace]
 20864 | Pan      | Lost mutation: Armour fits poorly on your pseudopods.
                  | [Jiyva's grace]
 20864 | Pan      | Gained mutation: One of your tentacles bears a large
                  | vicious spike. [Jiyva's grace]
 20864 | Pan      | Gained mutation: You are somewhat resistant to further
                  | mutation. [Jiyva's grace]
 20864 | Pan      | Gained mutation: You are somewhat resistant to both further
                  | mutation and mutation removal. [Jiyva's grace]
 20864 | Pan      | Gained mutation: You are almost entirely resistant to
                  | further mutation and mutation removal. [Jiyva's grace]
 20996 | Pan      | Reached XP level 26. HP: 215/215 MP: 40/40
 20997 | Pan      | Identified the ring of Gitaiheu {rF+ rN+ Str+3}
 21028 | Pan      | Identified the amulet "Yfokash" {Faith rN+ Int+3}
 21076 | Pan      | Got the Compilation of Trauma
 21083 | Pan      | Identified the staff of Responsibility {rElec rPois MP+9
                  | Int-2 Air}
 21084 | Pan      | Got Sif Muna's Handbook of the Commander and Impurities
 21124 | Pan      | Found the +6 sword of Cerebov {flame}
 21124 | Pan      | Noticed Cerebov
 21143 | Pan      | Killed Cerebov
 21152 | Pan      | Got a fiery rune of Zot
 21176 | Pan      | Learned a level 3 spell: Passwall
 21223 | Pan      | Noticed Heuffodi the pandemonium lord
 21371 | Pan      | Got a demonic rune of Zot
 21621 | Depths:2 | Escaped Pandemonium
 21623 | Pan      | Entered Pandemonium
 21653 | Pan      | Lost mutation: One of your tentacles bears a large vicious
                  | spike. [Jiyva's grace]
 21653 | Pan      | Lost mutation: One of your tentacles bears a nasty spike.
                  | [Jiyva's grace]
 21653 | Pan      | Lost mutation: One of your tentacles bears a spike.
                  | [Jiyva's grace]
 21653 | Pan      | Lost mutation: You are mostly covered in iridescent scales.
                  | (AC +4) [Jiyva's grace]
 21653 | Pan      | Lost mutation: You are almost entirely resistant to further
                  | mutation and mutation removal. [Jiyva's grace]
 21653 | Pan      | Lost mutation: You are somewhat resistant to both further
                  | mutation and mutation removal. [Jiyva's grace]
 21653 | Pan      | Lost mutation: You passively map the area around you.
                  | [Jiyva's grace]
 21653 | Pan      | Gained mutation: Your melee attacks may engulf your foes in
                  | ooze. [Jiyva's grace]
 21653 | Pan      | Gained mutation: You passively map the area around you.
                  | [Jiyva's grace]
 21653 | Pan      | Gained mutation: You passively map a large area around you.
                  | [Jiyva's grace]
 21653 | Pan      | Gained mutation: Your pliable body absorbs attacks. (AC +2,
                  | EV +2) [Jiyva's grace]
 21762 | Pan      | Found an exit through the horrors of the Abyss.
 21823 | Pan      | Noticed Nellu the pandemonium lord
 21831 | Pan      | Killed Nellu the pandemonium lord
 21896 | Pan      | Found an exit through the horrors of the Abyss.
 21939 | Pan      | Found a runed translucent door.
 21940 | Pan      | Found a runed translucent door.
 21944 | Pan      | Found a runed translucent door.
 21960 | Pan      | Entered the realm of Lom Lobon.
 22100 | Pan      | Noticed Lom Lobon
 22101 | Pan      | Got a magical rune of Zot
 22252 | Pan      | Found an exit through the horrors of the Abyss.
 22261 | Pan      | Took an exit into the Abyss.
 22261 | Abyss:1  | Escaped into the Abyss
 22276 | Abyss:1  | Found a shimmering blue altar of Sif Muna.
 22276 | Abyss:1  | Found a shimmering blue altar of Sif Muna.
 22276 | Abyss:1  | Found a shimmering blue altar of Sif Muna.
 22299 | Abyss:3  | Found a corrupted altar of Lugonu.
 22370 | Abyss:3  | Found a corrupted altar of Lugonu.
 22433 | Abyss:3  | Lost mutation: You possess an exceptional clarity of mind.
                  | [Jiyva's grace]
 22433 | Abyss:3  | Lost mutation: You passively map a large area around you.
                  | [Jiyva's grace]
 22433 | Abyss:3  | Lost mutation: Your pliable body absorbs attacks. (AC +2,
                  | EV +2) [Jiyva's grace]
 22433 | Abyss:3  | Lost mutation: Your melee attacks may engulf your foes in
                  | ooze. [Jiyva's grace]
 22433 | Abyss:3  | Gained mutation: You have a small jelly attached to you
                  | that may absorb projectiles. [Jiyva's grace]
 22433 | Abyss:3  | Lost mutation: You are somewhat resistant to further
                  | mutation. [Jiyva's grace]
 22433 | Abyss:3  | Gained mutation: You have hidden genetic potential.
                  | [Jiyva's grace]
 22433 | Abyss:3  | Gained mutation: You have great hidden genetic potential.
                  | [Jiyva's grace]
 22433 | Abyss:3  | Gained mutation: Your flesh is cold resistant. (rC+)
                  | [Jiyva's grace]
 22470 | Abyss:3  | Reached XP level 27. HP: 221/221 MP: 28/32
 22526 | Abyss:3  | Paralysed by accursed screaming for 2 turns
 22535 | Abyss:3  | Paralysed by accursed screaming for 2 turns
 22590 | Depths:2 | Escaped the Abyss
 22592 | Pan      | Entered the realm of Mnoleg.
 22592 | Pan      | Entered Pandemonium
 22592 | Pan      | Found an exit through the horrors of the Abyss.
 22654 | Pan      | Noticed Mnoleg
 22686 | Pan      | Lost mutation: You are robust. (+10% HP) [a cacodemon]
 22690 | Pan      | Gained mutation: You do not regenerate when monsters are
                  | visible. [a cacodemon]
 22691 | Pan      | Gained mutation: You are frail. (-10% HP) [a cacodemon]
 22693 | Pan      | Lost mutation: You have a small jelly attached to you that
                  | may absorb projectiles. [a neqoxec]
 22694 | Pan      | Gained mutation: You are occasionally teleported next to
                  | monsters. [a neqoxec]
 22698 | Pan      | Lost mutation: Your muscles are strong. (Str +4, Int/Dex
                  | -1) [potion of mutation]
 22698 | Pan      | Lost mutation: You have great hidden genetic potential.
                  | [potion of mutation]
 22698 | Pan      | Lost mutation: You do not regenerate when monsters are
                  | visible. [potion of mutation]
 22698 | Pan      | Lost mutation: You are partially covered in iridescent
                  | scales. (AC +2) [potion of mutation]
 22698 | Pan      | Gained mutation: Your flesh is heat resistant. (rF+)
                  | [potion of mutation]
 22699 | Pan      | Lost mutation: Your flesh is heat resistant. (rF+) [potion
                  | of mutation]
 22699 | Pan      | Lost mutation: Your flesh is cold resistant. (rC+) [potion
                  | of mutation]
 22699 | Pan      | Gained mutation: Your muscles are strong. (Str +4, Int/Dex
                  | -1) [potion of mutation]
 22699 | Pan      | Gained mutation: Your muscles are very strong. (Str +8,
                  | Int/Dex -2) [potion of mutation]
 22700 | Pan      | Lost mutation: You have hidden genetic potential. [potion
                  | of mutation]
 22700 | Pan      | Lost mutation: You are frail. (-10% HP) [potion of
                  | mutation]
 22700 | Pan      | Gained mutation: You do not regenerate when monsters are
                  | visible. [potion of mutation]
 22701 | Pan      | Lost mutation: You do not regenerate when monsters are
                  | visible. [potion of mutation]
 22701 | Pan      | Lost mutation: You are occasionally teleported next to
                  | monsters. [potion of mutation]
 22701 | Pan      | Lost mutation: You expend magic power (3 MP) to strengthen
                  | your wands. [potion of mutation]
 22701 | Pan      | Gained mutation: You are frail. (-10% HP) [potion of
                  | mutation]
 22701 | Pan      | Gained mutation: Your spells are a little harder to cast,
                  | but a little more powerful. [potion of mutation]
 22720 | Pan      | Gained mutation: Your body sometimes deteriorates upon
                  | taking damage. [a cacodemon]
 22741 | Pan      | Gained mutation: You are clumsy. (Dex -2) [a cacodemon]
 22778 | Pan      | Was placed under penance by Jiyva
 22781 | Pan      | Killed Mnoleg
 22782 | Pan      | Reached skill level 15 in Shields
 22797 | Pan      | Got a glowing rune of Zot
 22868 | Pan      | Gained mutation: You do not regenerate when monsters are
                  | visible. [a cacodemon]
 22869 | Pan      | Gained mutation: You occasionally lose the ability to drink
                  | potions when taking damage. [a cacodemon]
 22878 | Pan      | Lost mutation: You are clumsy. (Dex -2) [potion of
                  | mutation]
 22878 | Pan      | Lost mutation: You do not regenerate when monsters are
                  | visible. [potion of mutation]
 22878 | Pan      | Lost mutation: You passively map the area around you.
                  | [potion of mutation]
 22878 | Pan      | Gained mutation: Your spells are harder to cast, but more
                  | powerful. [potion of mutation]
 22879 | Pan      | Lost mutation: You occasionally lose the ability to drink
                  | potions when taking damage. [potion of mutation]
 22879 | Pan      | Lost mutation: Your body sometimes deteriorates upon taking
                  | damage. [potion of mutation]
 22879 | Pan      | Lost mutation: You passively map a small area around you.
                  | [potion of mutation]
 22879 | Pan      | Gained mutation: One of your tentacles bears a spike.
                  | [potion of mutation]
 22879 | Pan      | Gained mutation: You are very frail. (-20% HP) [potion of
                  | mutation]
 22929 | Pan      | Reached skill level 5 in Evocations
 22937 | Pan      | Entered the realm of Gloorx Vloq.
 22954 | Pan      | Gained mutation: You sometimes lose your temper in combat.
                  | [the all-consuming vengeance of Jiyva]
 22954 | Pan      | Gained mutation: You are vulnerable to heat. (rF-) [the
                  | all-consuming vengeance of Jiyva]
 22954 | Pan      | Gained mutation: You are clumsy. (Dex -2) [the
                  | all-consuming vengeance of Jiyva]
 22954 | Pan      | Was forgiven by Jiyva
 22957 | Pan      | Lost mutation: Your spells are harder to cast, but more
                  | powerful. [potion of mutation]
 22957 | Pan      | Lost mutation: You are clumsy. (Dex -2) [potion of
                  | mutation]
 22957 | Pan      | Lost mutation: Your spells are a little harder to cast, but
                  | a little more powerful. [potion of mutation]
 22957 | Pan      | Lost mutation: You are very frail. (-20% HP) [potion of
                  | mutation]
 22958 | Pan      | Lost mutation: You are vulnerable to heat. (rF-) [potion of
                  | mutation]
 22958 | Pan      | Lost mutation: You are frail. (-10% HP) [potion of
                  | mutation]
 22958 | Pan      | Lost mutation: You sometimes lose your temper in combat.
                  | [potion of mutation]
 22958 | Pan      | Gained mutation: You passively dampen the noise of your
                  | surroundings. [potion of mutation]
 22958 | Pan      | Gained mutation: You passively map a small area around you.
                  | [potion of mutation]
 23098 | Pan      | Noticed Gloorx Vloq
 23120 | Pan      | Got a dark rune of Zot
 23169 | Pan      | Killed Gloorx Vloq
 23243 | Depths:2 | Escaped Pandemonium
 23255 | Hell     | Entered the Vestibule of Hell
 23255 | Hell     | Noticed Geryon
 23278 | Hell     | Found a gateway to the decaying netherworld of Tartarus.
 23299 | Tar:1    | Entered Level 1 of Tartarus
 23521 | Tar:3    | Reached skill level 21 in Fighting
 23747 | Tar:6    | Lost mutation: You passively map a small area around you.
                  | [Jiyva's grace]
 23747 | Tar:6    | Lost mutation: You passively dampen the noise of your
                  | surroundings. [Jiyva's grace]
 23747 | Tar:6    | Gained mutation: You have a small jelly attached to you
                  | that may absorb projectiles. [Jiyva's grace]
 23747 | Tar:6    | Gained mutation: You possess an exceptional clarity of
                  | mind. [Jiyva's grace]
 23747 | Tar:6    | Gained mutation: You expend magic power (3 MP) to
                  | strengthen your wands. [Jiyva's grace]
 23747 | Tar:6    | Gained mutation: You have acidic saliva. [Jiyva's grace]
 23932 | Tar:7    | Entered Level 7 of Tartarus
 24328 | Tar:7    | Noticed Ereshkigal
 24408 | Tar:7    | Paralysed by Ereshkigal for 5 turns
 24415 | Tar:7    | Killed Ereshkigal
 24423 | Tar:7    | Got a bone rune of Zot
 24639 | Hell     | Killed Geryon
 24673 | Hell     | Found a gateway to the ashen valley of Gehenna.
 24682 | Geh:1    | Entered Level 1 of Gehenna
 24807 | Geh:3    | Noticed an ancient lich
 24815 | Geh:3    | Killed an ancient lich
 24843 | Geh:4    | Reached skill level 15 in Summonings
 24854 | Geh:4    | Reached skill level 22 in Fighting
 25099 | Geh:7    | Entered Level 7 of Gehenna
 25154 | Geh:7    | Noticed the Serpent of Hell
 25169 | Geh:7    | Killed the Serpent of Hell
 25183 | Geh:7    | Reached skill level 10 in Stealth
 25295 | Geh:7    | Found the +13 sceptre of Asmodeus
 25295 | Geh:7    | Noticed Asmodeus
 25308 | Geh:7    | Killed Asmodeus
 25319 | Geh:7    | Got an obsidian rune of Zot
 25398 | Hell     | Found a gateway to the Iron City of Dis.
 25429 | Dis:1    | Entered Level 1 of the Iron City of Dis
 25450 | Dis:2    | Lost mutation: You have a small jelly attached to you that
                  | may absorb projectiles. [Jiyva's grace]
 25450 | Dis:2    | Lost mutation: You expend magic power (3 MP) to strengthen
                  | your wands. [Jiyva's grace]
 25450 | Dis:2    | Gained mutation: You are partially covered in iridescent
                  | scales. (AC +2) [Jiyva's grace]
 25450 | Dis:2    | Gained mutation: You are mostly covered in iridescent
                  | scales. (AC +4) [Jiyva's grace]
 25450 | Dis:2    | Gained mutation: You are completely covered in iridescent
                  | scales. (AC +6) [Jiyva's grace]
 25450 | Dis:2    | Gained mutation: Your melee attacks may engulf your foes in
                  | ooze. [Jiyva's grace]
 25461 | Dis:2    | Reached skill level 15 in Spellcasting
 25518 | Dis:2    | Reached skill level 10 in Evocations
 25524 | Dis:2    | You fall into a shaft and drop 2 floors!
 25560 | Dis:4    | Noticed a dread lich
 25565 | Dis:4    | Killed a dread lich
 25580 | Dis:4    | Found a huge runed translucent gate.
 25580 | Dis:4    | Found a huge runed translucent gate.
 25580 | Dis:4    | Found a huge runed translucent gate.
 25580 | Dis:4    | Found a huge runed translucent gate.
 25580 | Dis:4    | Found a huge runed translucent gate.
 25580 | Dis:4    | Found a huge runed translucent gate.
 25581 | Dis:4    | Found a huge runed translucent gate.
 25582 | Dis:4    | Found a huge runed translucent gate.
 25582 | Dis:4    | Found a huge runed translucent gate.
 25583 | Dis:4    | Found a huge runed translucent gate.
 25584 | Dis:4    | Found a huge runed translucent gate.
 25585 | Dis:4    | Found a huge runed translucent gate.
 25789 | Dis:6    | Noticed a dread lich
 25794 | Dis:6    | Noticed an ancient lich
 25796 | Dis:6    | Killed a dread lich
 25796 | Dis:6    | Noticed a dread lich
 25797 | Dis:6    | Noticed a dread lich
 25798 | Dis:6    | Killed an ancient lich
 25799 | Dis:6    | Noticed an ancient lich
 25803 | Dis:6    | Killed a dread lich
 25804 | Dis:6    | Noticed an ancient lich
 25806 | Dis:6    | Killed a dread lich
 25810 | Dis:6    | Noticed an ancient lich
 25811 | Dis:6    | Killed an ancient lich
 25817 | Dis:6    | Killed an ancient lich
 25829 | Dis:6    | Killed an ancient lich
 25870 | Dis:7    | Entered Level 7 of the Iron City of Dis
 26082 | Dis:7    | Reached skill level 15 in Dodging
 26358 | Dis:7    | Noticed a juggernaut
 26365 | Dis:7    | Noticed Dispater
 26369 | Dis:7    | Killed a juggernaut
 26378 | Dis:7    | Killed Dispater
 26392 | Dis:7    | Got an iron rune of Zot
 26511 | Hell     | Found a gateway to the freezing wastes of Cocytus.
 26520 | Coc:1    | Entered Level 1 of Cocytus
 26644 | Coc:3    | Paralysed by a wendigo for 1 turns
 26756 | Coc:6    | Paralysed by a wendigo for 1 turns
 26792 | Coc:6    | Paralysed by a wendigo for 1 turns
 26808 | Coc:6    | Paralysed by a wendigo for 1 turns
 26886 | Coc:6    | Paralysed by a wendigo for 1 turns
 26895 | Coc:7    | Entered Level 7 of Cocytus
 26953 | Hell     | Paralysed by a wendigo for 1 turns
 27105 | Coc:7    | Paralysed by a wendigo for 1 turns
 27113 | Coc:7    | Paralysed by a wendigo for 1 turns
 27422 | Coc:7    | Noticed Antaeus
 27438 | Coc:7    | Killed Antaeus
 27450 | Coc:7    | Got an icy rune of Zot
 27591 | Coc:7    | Identified the ring "Cyklo" {rF+ Will++ rCorr Str-3}
 27594 | Coc:7    | Identified the staff "Ynevuo" {^Fragile +Blink rPois rC+
                  | Stlth+ Ice}
 27595 | Coc:7    | Identified the staff of Cyom {Str+5 Conj Fire}
 27757 | Vaults:2 | Lost mutation: You are completely covered in iridescent
                  | scales. (AC +6) [Jiyva's grace]
 27757 | Vaults:2 | Lost mutation: Your muscles are very strong. (Str +8,
                  | Int/Dex -2) [Jiyva's grace]
 27757 | Vaults:2 | Gained mutation: Your system is resistant to poisons.
                  | (rPois) [Jiyva's grace]
 27757 | Vaults:2 | Gained mutation: You passively dampen the noise of your
                  | surroundings. [Jiyva's grace]
 27757 | Vaults:2 | Gained mutation: You are strong-willed. (Will+) [Jiyva's
                  | grace]
 27757 | Vaults:2 | Gained mutation: You are highly strong-willed. (Will++)
                  | [Jiyva's grace]
 27830 | Vaults:2 | Found a huge runed translucent gate.
 27830 | Vaults:2 | Found a huge runed translucent gate.
 27831 | Vaults:2 | Found a huge runed translucent gate.
 27831 | Vaults:2 | Found a huge runed translucent gate.
 27832 | Vaults:2 | Found a huge runed translucent gate.
 27832 | Vaults:2 | Found a huge runed translucent gate.
 27833 | Vaults:2 | Found a huge runed translucent gate.
 27833 | Vaults:2 | Found a huge runed translucent gate.
 27834 | Vaults:2 | Found a huge runed translucent gate.
 27834 | Vaults:2 | Found a huge runed translucent gate.
 27834 | Vaults:2 | Found a huge runed translucent gate.
 27834 | Vaults:2 | Found a huge runed translucent gate.
 27834 | Vaults:2 | Found a huge runed translucent gate.
 27835 | Vaults:2 | Found a huge runed translucent gate.
 27836 | Vaults:2 | Found a huge runed translucent gate.
 28548 | Crypt:3  | Lost the ivory gem through the power of Zot.
 28576 | Crypt:3  | Identified the +0 double sword "Jypho" {pain, Fly Str+3
                  | Dex+2}
 28577 | Crypt:3  | Found a staircase to the Tomb.
 28593 | Crypt:3  | Learned a level 9 spell: Death's Door
 28595 | Tomb:1   | Entered Level 1 of the Tomb of the Ancients
 28647 | Tomb:1   | Noticed a royal mummy
 28647 | Tomb:1   | Noticed a royal mummy
 28647 | Tomb:1   | Noticed a royal mummy
 28647 | Tomb:1   | Noticed a royal mummy
 28649 | Tomb:1   | Noticed a royal mummy
 28757 | Tomb:1   | Noticed a royal mummy
 28767 | Tomb:1   | Killed a royal mummy
 29004 | Tomb:3   | Entered Level 3 of the Tomb of the Ancients
 29011 | Tomb:3   | Lost mutation: Your melee attacks may engulf your foes in
                  | ooze. [Jiyva's grace]
 29011 | Tomb:3   | Gained mutation: You passively map a small area around you.
                  | [Jiyva's grace]
 29011 | Tomb:3   | Gained mutation: You passively map the area around you.
                  | [Jiyva's grace]
 29011 | Tomb:3   | Gained mutation: You passively map a large area around you.
                  | [Jiyva's grace]
 29011 | Tomb:3   | Gained mutation: Your flesh is cold resistant. (rC+)
                  | [Jiyva's grace]
 29011 | Tomb:3   | Noticed a royal mummy
 29014 | Tomb:3   | Noticed a royal mummy
 29015 | Tomb:3   | Lost mutation: You possess an exceptional clarity of mind.
                  | [mutagenic glow]
 29026 | Tomb:3   | Lost mutation: Your system is resistant to poisons. (rPois)
                  | [mutagenic glow]
 29037 | Tomb:3   | Gained mutation: You sometimes lose your temper in combat.
                  | [mutagenic glow]
 29072 | Tomb:3   | Noticed a royal mummy
 29073 | Tomb:3   | Killed a royal mummy
 29090 | Tomb:3   | Noticed a royal mummy
 29096 | Tomb:3   | Killed a royal mummy
 29104 | Tomb:3   | Was placed under penance by Jiyva
 29104 | Tomb:3   | Noticed a royal mummy
 29106 | Tomb:3   | Noticed a royal mummy
 29106 | Tomb:3   | Noticed a royal mummy
 29106 | Tomb:3   | Noticed a royal mummy
 29107 | Tomb:3   | Found the +3 hat of Pondering {ponderous, Will+ MP+10
                  | Int+5}
 29131 | Tomb:3   | Killed a royal mummy
 29135 | Tomb:3   | Killed a royal mummy
 29139 | Tomb:3   | Killed a royal mummy
 29145 | Tomb:3   | Noticed a royal mummy
 29152 | Zig:1    | Entered Level 1 of a ziggurat
 29172 | Zig:1    | Gained mutation: Your magical capacity is low. (-10% MP) [a
                  | neqoxec]
 29192 | Zig:1    | Lost mutation: Your flesh is cold resistant. (rC+) [potion
                  | of mutation]
 29192 | Zig:1    | Lost mutation: One of your tentacles bears a spike. [potion
                  | of mutation]
 29192 | Zig:1    | Lost mutation: You are mostly covered in iridescent scales.
                  | (AC +4) [potion of mutation]
 29192 | Zig:1    | Gained mutation: You have a pair of small antennae on your
                  | head. [potion of mutation]
 29193 | Zig:1    | Lost mutation: You have a pair of small antennae on your
                  | head. [potion of mutation]
 29193 | Zig:1    | Lost mutation: Your magical capacity is low. (-10% MP)
                  | [potion of mutation]
 29193 | Zig:1    | Gained mutation: Your spells are a little harder to cast,
                  | but a little more powerful. [potion of mutation]
 29193 | Zig:1    | Lost mutation: You have acidic saliva. [potion of mutation]
 29193 | Zig:1    | Gained mutation: Your flesh is cold resistant. (rC+)
                  | [potion of mutation]
 29193 | Zig:1    | Gained mutation: Your mind is acute. (Int +4, Str/Dex -1)
                  | [potion of mutation]
 29194 | Zig:1    | Lost mutation: Your muscles are strong. (Str +4, Int/Dex
                  | -1) [potion of mutation]
 29194 | Zig:1    | Lost mutation: Your mind is acute. (Int +4, Str/Dex -1)
                  | [potion of mutation]
 29194 | Zig:1    | Gained mutation: You are partially covered in large bone
                  | plates. (SH +4) [potion of mutation]
 29195 | Zig:1    | Lost mutation: You are partially covered in iridescent
                  | scales. (AC +2) [potion of mutation]
 29195 | Zig:1    | Lost mutation: You passively dampen the noise of your
                  | surroundings. [potion of mutation]
 29196 | Zig:1    | Lost mutation: You sometimes lose your temper in combat.
                  | [potion of mutation]
 29196 | Zig:1    | Lost mutation: Your flesh is cold resistant. (rC+) [potion
                  | of mutation]
 29196 | Zig:1    | Gained mutation: You occasionally lose the ability to drink
                  | potions when taking damage. [potion of mutation]
 29197 | Zig:1    | Lost mutation: You are highly strong-willed. (Will++)
                  | [potion of mutation]
 29197 | Zig:1    | Lost mutation: You are partially covered in large bone
                  | plates. (SH +4) [potion of mutation]
 29197 | Zig:1    | Gained mutation: Your muscles are strong. (Str +4, Int/Dex
                  | -1) [potion of mutation]
 29197 | Zig:1    | Gained mutation: You are agile. (Dex +4, Str/Int -1)
                  | [potion of mutation]
 29197 | Zig:1    | Gained mutation: Your system is resistant to poisons.
                  | (rPois) [potion of mutation]
 29211 | Zig:2    | Entered Level 2 of a ziggurat
 29227 | Zig:3    | Entered Level 3 of a ziggurat
 29230 | Zig:3    | Found the +8 orange crystal plate armour {Archmagi, Int+3
                  | Clar}
 29244 | Zig:3    | Reached skill level 23 in Fighting
 29248 | Zig:3    | Identified the +8 quarterstaff "Zocoetur" {flame, rElec
                  | Will+ Dex+3}
 29253 | Zig:4    | Entered Level 4 of a ziggurat
 29257 | Zig:4    | Noticed a juggernaut
 29262 | Zig:4    | Killed a juggernaut
 29276 | Zig:4    | Got the Handbook of Volatile Mustering
 29278 | Zig:5    | Entered Level 5 of a ziggurat
 29283 | Zig:5    | Noticed a dread lich
 29291 | Zig:5    | Killed a dread lich
 29302 | Zig:5    | Lost mutation: Your spells are a little harder to cast, but
                  | a little more powerful. [potion of mutation]
 29302 | Zig:5    | Lost mutation: Your muscles are strong. (Str +4, Int/Dex
                  | -1) [potion of mutation]
 29302 | Zig:5    | Gained mutation: You possess an exceptional clarity of
                  | mind. [potion of mutation]
 29302 | Zig:5    | Gained mutation: One of your tentacles bears a spike.
                  | [potion of mutation]
 29312 | Zig:6    | Entered Level 6 of a ziggurat
 29336 | Zig:6    | Identified the +0 pair of boots of Submission {rPois}
 29372 | Zig:7    | Entered Level 7 of a ziggurat
 29372 | Zig:7    | Was forgiven by Jiyva
 29396 | Zig:7    | Identified the +5 short sword of Disorder {holy, Will+
                  | Int+2}
 29404 | Zig:7    | Got the Book of the Fulgent Tesseract
 29406 | Zig:8    | Entered Level 8 of a ziggurat
 29423 | Zig:8    | Reached skill level 24 in Fighting
 29451 | Zig:8    | Identified the +6 shortbow of a ziggurat {flame, *Slow rF+
                  | rCorr Str+2}
 29453 | Zig:8    | Lost mutation: You passively map a large area around you.
                  | [potion of mutation]
 29453 | Zig:8    | Lost mutation: You passively map the area around you.
                  | [potion of mutation]
 29453 | Zig:8    | Gained mutation: You are robust. (+10% HP) [potion of
                  | mutation]
 29453 | Zig:8    | Gained mutation: Your spells are a little easier to cast,
                  | but a little less powerful. [potion of mutation]
 29458 | Zig:9    | Entered Level 9 of a ziggurat
 29497 | Zig:9    | Identified the +2 dagger of Jueludiz {pain, Int+8}
 29500 | Zig:10   | Entered Level 10 of a ziggurat
 29512 | Zig:10   | Noticed a juggernaut
 29515 | Zig:10   | Found the +1 robe of Vines {NoPotionHeal Regen++++}
 29529 | Zig:10   | Killed a juggernaut
 29548 | Zig:10   | Identified the +9 lajatang of the Pit {venom, rF+}
 29558 | Zig:10   | Lost mutation: You are robust. (+10% HP) [potion of
                  | mutation]
 29558 | Zig:10   | Lost mutation: You are strong-willed. (Will+) [potion of
                  | mutation]
 29558 | Zig:10   | Lost mutation: One of your tentacles bears a spike. [potion
                  | of mutation]
 29558 | Zig:10   | Gained mutation: You have supernaturally acute eyesight.
                  | (SInv) [potion of mutation]
 29558 | Zig:10   | Lost mutation: Your spells are a little easier to cast, but
                  | a little less powerful. [potion of mutation]
 29559 | Zig:10   | Lost mutation: You passively map a small area around you.
                  | [potion of mutation]
 29559 | Zig:10   | Lost mutation: You have supernaturally acute eyesight.
                  | (SInv) [potion of mutation]
 29559 | Zig:10   | Lost mutation: You possess an exceptional clarity of mind.
                  | [potion of mutation]
 29559 | Zig:10   | Gained mutation: Your mind is acute. (Int +4, Str/Dex -1)
                  | [potion of mutation]
 29559 | Zig:10   | Lost mutation: Your mind is acute. (Int +4, Str/Dex -1)
                  | [potion of mutation]
 29559 | Zig:10   | Gained mutation: You are partially covered in iridescent
                  | scales. (AC +2) [potion of mutation]
 29559 | Zig:10   | Gained mutation: You passively map a small area around you.
                  | [potion of mutation]
 29624 | Tomb:3   | Got a sanguine gem with 998 turns to spare
 29627 | Tomb:3   | Got a golden rune of Zot
 29798 | Tomb:1   | Lost mutation: You passively map a small area around you.
                  | [potion of mutation]
 29798 | Tomb:1   | Lost mutation: You are partially covered in iridescent
                  | scales. (AC +2) [potion of mutation]
 29798 | Tomb:1   | Lost mutation: Your system is resistant to poisons. (rPois)
                  | [potion of mutation]
 29798 | Tomb:1   | Gained mutation: You are partially covered in iridescent
                  | scales. (AC +2) [potion of mutation]
 29845 | Crypt:3  | Reached skill level 25 in Fighting
 30111 | Abyss:5  | Cast into level 5 of the Abyss (unwielding a weapon of
                  | distortion)
 30156 | Abyss:5  | Noticed an ancient lich
 30164 | Abyss:5  | Killed an ancient lich
 30173 | Abyss:5  | Noticed an ancient lich
 30179 | Abyss:5  | Killed an ancient lich
 30188 | Abyss:5  | Got an abyssal rune of Zot
 30192 | Depths:1 | Escaped the Abyss
 30245 | Zot:1    | Entered Level 1 of the Realm of Zot
 30277 | Zot:1    | Noticed an orb of fire
 30286 | Zot:1    | Gained mutation: Your body sometimes deteriorates upon
                  | taking damage. [an orb of fire]
 30288 | Zot:1    | Killed an orb of fire
 30301 | Zot:1    | Found the +4 dragonskin cloak
 30301 | Zot:1    | Noticed Tiamat
 30338 | Zot:1    | Killed Tiamat
 30474 | Zot:4    | Reached skill level 15 in Evocations
 30515 | Zot:5    | Entered Level 5 of the Realm of Zot
 30629 | Zot:5    | Noticed a dread lich
 30631 | Zot:5    | Killed a dread lich
 30680 | Zot:5    | Got a prismatic gem with 447 turns to spare
 30745 | Zot:5    | Noticed a dread lich
 30751 | Zot:5    | Killed a dread lich
 30756 | Zot:5    | Noticed a dread lich
 30757 | Zot:5    | Noticed an orb of fire
 30759 | Zot:5    | Gained mutation: Your spells are a little easier to cast,
                  | but a little less powerful. [an orb of fire]
 30759 | Zot:5    | Killed a dread lich
 30765 | Zot:5    | Killed an orb of fire
 30765 | Zot:5    | Noticed an ancient lich
 30768 | Zot:5    | Killed an ancient lich
 30825 | Zot:5    | Lost mutation: You are partially covered in iridescent
                  | scales. (AC +2) [Jiyva's grace]
 30825 | Zot:5    | Lost mutation: You are agile. (Dex +4, Str/Int -1) [Jiyva's
                  | grace]
 30825 | Zot:5    | Lost mutation: Your spells are a little easier to cast, but
                  | a little less powerful. [Jiyva's grace]
 30825 | Zot:5    | Lost mutation: You occasionally lose the ability to drink
                  | potions when taking damage. [Jiyva's grace]
 30825 | Zot:5    | Gained mutation: You have a small jelly attached to you
                  | that senses nearby items. [Jiyva's grace]
 30825 | Zot:5    | Gained mutation: You are strong-willed. (Will+) [Jiyva's
                  | grace]
 30825 | Zot:5    | Gained mutation: You are highly strong-willed. (Will++)
                  | [Jiyva's grace]
 30825 | Zot:5    | Gained mutation: You are extremely strong-willed. (Will+++)
                  | [Jiyva's grace]
 30855 | Zot:5    | Noticed a dread lich
 30862 | Zot:5    | Killed a dread lich
 30862 | Zot:5    | Noticed an orb of fire
 30886 | Zot:5    | Gained mutation: You are frail. (-10% HP) [an orb of fire]
 30890 | Zot:5    | Gained mutation: You are vulnerable to cold. (rC-) [an orb
                  | of fire]
 30898 | Zot:5    | Gained mutation: You are weak. (Str -2) [an orb of fire]
 30904 | Zot:5    | Killed an orb of fire
 30925 | Zot:5    | Got the Orb of Zot
 31333 | D:$      | Escaped with the Orb!

Illustrated notes

Levels and vault maps discovered:
D:1:      wheals_arrival_linesprint, layout_basic
D:2:      layout_basic
D:3:      layout_basic, nicolae_gozag_conspicuous_consumption, serial_shops,
          shop
D:4:      layout_cave_pools, nicolae_shop_sticking_my_neck_out, uniq_eustachio,
          uniq_pargi
D:5:      layout_loops_ring, uniq_ijyb, uniq_edmund, uniq_duvessa
D:6:      layout_loops_ring, serial_shops, shop, nicolae_shop_trees, shop,
          portal_sewer_entry_e
D:7:      cheibrodos_grave_circle, layout_basic,
          chequers_temple_overflow_statue_of_worship, lemuel_temple_firewalk_a,
          uniq_maggie, uniq_maurice
D:8:      layout_gridville, mainiacjoe_overflow_swirl, serial_rivers,
          chequers_serial_rivers_small_3, chequers_serial_rivers_micro_b,
          chequers_serial_rivers_small_b, chequers_serial_rivers_micro_e
D:9:      layout_stronghold, minmay_lair_entry_grove, enter_bailey_4,
          uniq_pikel, uniq_erolcha
D:10:     layout_cave_pools, chequers_serial_rivers_marsh, uniq_erica
D:11:     minmay_tri_box, layout_loops_ring, nicolae_trove_entry_crossroad,
          gauntlet_entry_generic
D:12:     layout_basic, orc_0_dummy
D:13:     layout_basic, serial_shops, nicolae_shop_advertising_works
          [nicolae_subvault_shop_adworks], uniq_azrael
D:14:     layout_roguey [special_room_bee], hellmonk_vaults_order_and_chaos
D:15:     grunt_enter_depths_snipers, layout_basic,
          gammafunk_ghost_abyssal_escape, eino_house_with_fridge
Lair:1:   layout_layer_cave
Lair:2:   layout_chaotic_city, minmay_shoals_entry_hut, gammafunk_ghost_arena
Lair:3:   gammafunk_cloud_chamber, layout_small_grid, spider_nest_entry_rubble,
          infiniplex_staircase_pool_2
Lair:4:   layout_big_grid, basic_altar
Lair:5:   hangedman_lair_in_review, layout_hall_layers,
          minmay_slime_entry_pillars
Shoals:1: layout_shoals, serial_shops, nicolae_shop_back_alley_shop,
          nicolae_lakefront_shop, nicolae_shop_statue_plus,
          nicolae_shop_tiny_statue_garden
Shoals:2: nicolae_shoals_offshore_bank_account, layout_shoals, serial_shops,
          bzr_entry_safe, nicolae_shoals_c_island
Shoals:3: layout_shoals, uniq_ilsuiw, uniq_polyphemus
Shoals:4: shoals_end_grunt_ice, layout_shoals
Spider:1: layout_spider_delve, nicolae_spider_nook,
          hangedman_spider_tarantella_strand
Spider:2: layout_chambers, nicolae_spider_solar_radiation
Spider:3: layout_spider_delve, dreamdust_wasp_nest, uniq_mara, uniq_arachne
Spider:4: spider_rune_water
Slime:1:  layout_caves
Slime:2:  layout_caves, nicolae_slime_barrier, nicolae_slime_crime_time
Slime:3:  layout_caves
Slime:4:  layout_caves, special_room [special_room_jelly],
          cheibrodos_slime_lost_civilization_5
Slime:5:  slime_pit_nicolae_trefoil
Orc:1:    layout_caves
Orc:2:    grunt_orc_cross, layout_caves, nicolae_orc_seminary, uniq_saint_roka,
          uniq_snorg
Elf:1:    eino_elf_arrival_sip, layout_loops_cross, serial_shops, shop,
          hangedman_corner_corridor, minivault_5
Elf:2:    elven_hall_of_blades_hangedman_alternative [nicolae_blade_bullseye],
          layout_onion_city, minivault_8
Elf:3:    grunt_elf_hall_spiral, layout_gridlike, serial_shops,
          nicolae_shop_trees, uniq_roxanne
Vaults:1: dpeg_vaults_monster_row, nicolae_vaults_mitosis,
          nicolae_vaults_shipping_containers_5, nicolae_vaults_shelves_hall,
          v_misc_1, ontoclasm_vaults_pinch, v_pattern_3,
          vaults_dpeg_emergency_exit, nicolae_vaults_trapezoid_4,
          layout_vaults_omnicross
Vaults:2: nicolae_vaults_network_quincunx
          [nicolae_vaults_network_quincunx_subvault,
          nicolae_vaults_network_quincunx_subvault,
          nicolae_vaults_network_quincunx_subvault,
          nicolae_vaults_network_quincunx_subvault,
          nicolae_vaults_network_quincunx_subvault],
          nicolae_vaults_storage_room_doors, door_vault,
          nicolae_vaults_diagonal_hallway_7, ontoclasm_vaults_misaligned,
          nicolae_vaults_heart-shaped_vault, ontoclasm_vaults_decontamination,
          layout_vaults_chaotic_city, uniq_margery
Vaults:3: nicolae_vaults_shrinking_rooms_2, nicolae_vaults_tangram_2,
          minmay_crypt_entry_necro_gods, vaults_room_door_hall,
          vaults_room_door_ring, nicolae_vaults_storage_closets_1,
          nicolae_vaults_ring_of_whatevers, nicolae_vaults_ninety_degrees,
          ontoclasm_vaults_eye, vaults_room_large_hall, nicolae_vaults_meeting,
          vaults_dpeg_hooks, layout_vaults_maze_snakey
Vaults:4: nicolae_vaults_what_the_h, nicolae_vaults_closet_pinwheel_4,
          hangedman_vaults_nails, v_misc_8, vaults_dpeg_diagonal, v_misc_13,
          v_misc_9, vaults_room_stairs_pillars,
          serial_library_hellmonk_big_corner, st_more_cells, vaults_mumra_hex,
          layout_vaults_omnigrid, serial_glass, serial_shops,
          bzr_entry_customers, shop, nicolae_shop_industrial_runoff,
          nicolae_shop_tiny_real_fake_doors, nicolae_shop_just_a_little_nook
Vaults:5
Crypt:1:  layout_misc_corridors
Crypt:2:  layout_basic, pandoras_box_mu
Crypt:3:  quadcrypt_mu
Tomb:1
Tomb:2
Tomb:3
Depths:1: layout_roguey, ploomutoo_gammafunk_ghost_potion_laboratory,
          serial_magic_research, hangedman_research_geology,
          hangedman_research_probablistics, hangedman_research_thermodynamics,
          hangedman_research_electronics, hangedman_research_thanatology,
          hangedman_research_toxicology, pf_coc_iceberg,
          kiku_gazebo_pond_becter, serial_shops, nicolae_lakefront_shop,
          nicolae_ru_great_annihilating_truth
Depths:2: minmay_quantized_circle, layout_cave_pools, hell_entry,
          rand_demon_pan_entry_5, hangedman_decor_opposing,
          infiniplex_staircase_pool_lava, uniq_norris
Depths:3: minmay_ornate_pinched, layout_gridlike, grunt_pan_entry_sceptre,
          abyss_entry_crystal, special_room [special_room_jelly],
          infiniplex_staircase_door_maze, grunt_hell_entry_dis_grunt,
          corexii_leaking_fountain, uniq_jory
Depths:4: grunt_zot_entry_alcove, layout_basic, enter_ziggurat_d, hell_entry,
          gammafunk_ghost_necromancy, minmay_misc_feat_ornament, uniq_boris
Hell
Dis:1:    layout_subdivisions
Dis:2:    layout_regular_city, nicolae_dis_bowling_alley
Dis:4:    layout_overlapping_boxes, not_door_vault_due
Dis:5:    layout_jigsaw
Dis:6:    layout_regular_city, nicolae_hells_leichenhalle
Dis:7:    dis_hangedman
Geh:1:    layout_gehenna_pools_triple, nicolae_hells_hurtin_island
Geh:2:    nicolae_hells_giants_party, layout_gehenna_pools_box,
          nicolae_geh_lava_in_the_way
Geh:3:    layout_gehenna_lava_caves
Geh:4:    layout_gehenna_lava_caves
Geh:5:    layout_gehenna_lava_caves, nicolae_geh_gnashing_of_teeth
Geh:6:    layout_gehenna_pools_triple
Geh:7:    geh_hangedman
Coc:1:    layout_ice_bergs
Coc:2:    layout_cocytus_delve
Coc:3:    layout_ice_bergs
Coc:4:    layout_cocytus_water_paths
Coc:5:    layout_cocytus_water_paths
Coc:6:    layout_cocytus_water_paths
Coc:7:    coc_dpeg
Tar:1:    layout_grid_maze
Tar:2:    layout_grid_maze
Tar:3:    layout_grid_maze, nicolae_tar_cuneiform_sun
Tar:4:    hangedman_tartarus_temple_path, layout_cathedral_of_symmetry
Tar:5:    layout_catacombs
Tar:6:    layout_cathedral_of_symmetry
Tar:7:    tar_mu [tar_mu_maze]
Zot:1:    layout_misc_corridors, grunt_megastairs_4, uniq_tiamat
Zot:2:    layout_twisted_circle, hangedman_zot_decor_checkerboard
Zot:3:    kennysheep_spiral_hall, layout_cellular_growth, basic_altar,
          nicolae_zig_zag_zippers
Zot:4:    layout_twisted_circle, gammafunk_ghost_arena, grunt_megastairs_2
Zot:5:    layout_basic

Skill      XL: |  1  2  3  4  5  6  7  8  9 10 11 12 13 14 15 16 17 18 19 20 21 22 23 24 25 26 27 |
---------------+----------------------------------------------------------------------------------+-----
Dodging        | 1 3 6 8 9 10 11 12 13 18 | 18.0
Unarmed Combat | 4 5 6 8 10 11 12 14 15 16 17 18 23 | 23.0
Shields        | 1 2 3 4 5 6 8 10 11 12 14 18 | 18.0
Fighting       | 4 5 6 7 9 10 11 12 13 14 15 17 20 25 | 25.0
Evocations     | 3 20 | 20.2
Shapeshifting  | 5 6 7 11 12 16 18 | 18.0
Summonings     | 3 9 12 13 15 | 15.0
Spellcasting   | 2 6 7 9 10 11 12 13 17 | 17.4
Hexes          | 1 5 |  5.0
Translocations | 4 10 11 12 | 12.0
Stealth        | 5 14 | 14.0
Necromancy     | 6 12 14 16 18 23 | 23.0
Earth Magic    | 4 |  4.0
Fire Magic     | |  3.0

Action                     |  1- 3 |  4- 6 |  7- 9 | 10-12 | 13-15 | 16-18 | 19-21 | 22-24 | 25-27 || total
---------------------------+-------+-------+-------+-------+-------+-------+-------+-------+-------++-------
  Melee: Unarmed           |    48 |    63 |   179 |   336 |   777 |   705 |   728 |   568 |  2877 ||  6281
         Tentacles         |     8 |     9 |    31 |    83 |   208 |   209 |   214 |   167 |   948 ||  1877
         Constrict         |    12 |     8 |    24 |    43 |   138 |   196 |   140 |    91 |   436 ||  1088
         Punch             |       |     1 |    16 |    33 |    86 |   104 |   115 |   106 |   574 ||  1035
         Pseudopods        |       |       |       |       |    43 |   206 |   232 |   172 |    87 ||   740
         Bite              |       |       |       |       |       |     4 |   136 |    94 |   272 ||   506
         Kick              |       |       |       |       |       |       |       |   242 |  1199 ||  1441
  Throw: Boomerang         |     3 |       |       |       |       |       |       |       |       ||     3
         Dart              |       |     8 |     4 |    38 |     4 |       |       |       |     1 ||    55
   Cast: Scorch            |       |       |       |    16 |       |     1 |       |       |       ||    17
         Summon Mana Viper |       |       |       |       |       |     9 |    33 |    22 |   117 ||   181
         Summon Cactus Gia |       |       |       |       |       |     9 |    32 |    22 |    84 ||   147
         Apportation       |       |       |       |       |       |    34 |    64 |    62 |    94 ||   254
         Passage of Golubr |       |       |       |       |       |       |    81 |    47 |   364 ||   492
         Lesser Beckoning  |       |       |       |       |       |       |     8 |     2 |    74 ||    84
         Blink             |       |       |       |       |       |       |     3 |     1 |    16 ||    20
         Malign Gateway    |       |       |       |       |       |       |       |     1 |    83 ||    84
         Passwall          |       |       |       |       |       |       |       |       |    25 ||    25
         Monstrous Menager |       |       |       |       |       |       |       |       |     9 ||     9
         Borgnjor's Revivi |       |       |       |       |       |       |       |       |     2 ||     2
 Invoke: Fiery Armour      |     1 |     1 |     3 |     7 |       |       |       |       |       ||    12
         Rising Flame      |       |       |       |     1 |       |       |       |       |       ||     1
         Oozemancy         |       |       |       |       |     1 |     6 |     9 |     6 |    17 ||    39
  Evoke: Wand              |       |    10 |    18 |    30 |     8 |    10 |       |     1 |    57 ||   134
         Sack of spiders   |       |       |       |     1 |     2 |       |       |       |     7 ||    10
         Phantom mirror    |       |       |       |       |     1 |     1 |       |       |     5 ||     7
         Horn of Geryon    |       |       |       |       |       |       |       |       |     2 ||     2
         Figurine of a zig |       |       |       |       |       |       |       |       |     1 ||     1
    Use: Scroll            |       |       |     6 |    13 |    12 |     8 |     3 |     4 |    40 ||    86
         Potion            |       |       |     5 |    16 |     3 |     2 |       |     1 |    46 ||    73
   Stab: Sleeping          |     3 |     2 |     1 |     2 |     7 |    11 |     7 |     8 |    29 ||    70
         Paralysed         |       |       |     9 |    10 |       |       |       |       |     5 ||    24
         Distracted        |       |       |       |       |       |     2 |     7 |     6 |    47 ||    62
         Petrified         |       |       |       |       |       |       |     6 |       |     5 ||    11
         Confused          |       |       |       |       |       |       |     1 |     1 |     2 ||     4
         Invisible         |       |       |       |       |       |       |       |       |    17 ||    17
         Petrifying        |       |       |       |       |       |       |       |       |     5 ||     5
         Held in net/web   |       |       |       |       |       |       |       |       |     1 ||     1
 Armour: Skin              |    39 |    38 |   145 |   176 |   160 |   310 |   527 |   539 |  1687 ||  3621
  Dodge: Dodged            |    19 |    19 |    50 |   112 |   155 |   413 |   674 |   524 |  2227 ||  4193
  Block: Tower shield      |    18 |       |       |    65 |   923 |  1241 |  1635 |  1108 |  5641 || 10631
         Kite shield       |     1 |    20 |    68 |   134 |       |       |       |       |       ||   223
   Form: Beast             |       |       |       |     1 |       |       |       |       |       ||     1
         Statue            |       |       |       |       |       |     1 |       |       |       ||     1

Table legend: (Time is in decaauts)
 A = Elapsed time spent in this place.
 B = Non-inter-level travel time spent in this place.
 C = Inter-level travel time spent in this place.
 D = Time resting spent in this place.
 E = Time spent auto-exploring this place.
 F = Levels seen in this place.
 G = Mean time per level.
                   A        B        C        D        E       F      G
               +--------+--------+--------+--------+--------+-----+--------+
         Total |  40170 |  37181 |   2989 |     98 |     32 | 136 |  295.4 |
       Dungeon |   9593 |   7829 |   1764 |     22 |     32 |  15 |  639.5 |
          Lair |   2226 |   1746 |    480 |      0 |      0 |   5 |  445.2 |
        Shoals |   1905 |   1799 |    106 |      0 |      0 |   4 |  476.2 |
   Spider Nest |   1705 |   1575 |    130 |      0 |      0 |   4 |  426.2 |
    Slime Pits |    205 |    198 |      7 |      0 |      0 |   5 |   41.0 |
  Orcish Mines |    715 |    533 |    182 |      6 |      0 |   2 |  357.5 |
   Elven Halls |   1846 |   1681 |    165 |     21 |      0 |   3 |  615.3 |
        Vaults |   3065 |   3037 |     28 |      0 |      0 |   5 |  613.0 |
         Crypt |   2081 |   2078 |      3 |      0 |      0 |   3 |  693.7 |
          Tomb |   1081 |   1081 |      0 |      0 |      0 |   3 |  360.3 |
        Depths |   2228 |   2179 |     49 |      0 |      0 |   4 |  557.0 |
          Hell |    438 |    438 |      0 |      0 |      0 |   1 |  438.0 |
           Dis |   1378 |   1378 |      0 |      2 |      0 |   6 |  229.7 |
       Gehenna |    922 |    922 |      0 |      0 |      0 |   7 |  131.7 |
       Cocytus |   1382 |   1382 |      0 |     46 |      0 |   7 |  197.4 |
      Tartarus |   1848 |   1778 |     70 |      0 |      0 |   7 |  264.0 |
           Zot |    991 |    991 |      0 |      0 |      0 |   5 |  198.2 |
         Abyss |    596 |    596 |      0 |      0 |      0 |   4 |  149.0 |
   Pandemonium |   3412 |   3412 |      0 |      0 |      0 |  20 |  170.6 |
      Ziggurat |   1214 |   1214 |      0 |      0 |      0 |  20 |   60.7 |
        Bazaar |    318 |    318 |      0 |      0 |      0 |   2 |  159.0 |
         Trove |     19 |     19 |      0 |      0 |      0 |   1 |   19.0 |
         Sewer |    123 |    123 |      0 |      0 |      0 |   1 |  123.0 |
        Bailey |    463 |    463 |      0 |      0 |      0 |   1 |  463.0 |
      Gauntlet |    406 |    406 |      0 |      0 |      0 |   1 |  406.0 |
               +--------+--------+--------+--------+--------+-----+--------+

Top non-repeatable levels by time:
 Crypt:3: 1220 daAuts
     D:9: 1127 daAuts
    D:11: 1028 daAuts
   Tar:7: 958 daAuts
Vaults:5: 915 daAuts
    D:14: 887 daAuts
   Dis:7: 816 daAuts
  Lair:5: 758 daAuts
   Elf:3: 753 daAuts
Depths:1: 732 daAuts
Shoals:4: 703 daAuts
    D:15: 695 daAuts
     D:6: 683 daAuts
     D:5: 665 daAuts
Vaults:3: 663 daAuts
